Map: AVEX - Big Game Hunters (BGH)

Players

Ectar

  • Race: Zerg Zerg
  • League: Diamond
  • Spawn Location: 6:00

Szachu

  • Race: Terran Terran
  • Spawn Location: 1:00

Taurino

  • Race: Terran Terran
  • League: Diamond
  • Spawn Location: 11:00

Railgan

  • Race: Terran Terran
  • League: Grandmaster
  • Spawn Location: 5:00

picur

  • Race: Terran Terran
  • League: Master
  • Spawn Location: 3:00

Jumpman

  • Race: Protoss Protoss
  • League: Master
  • Spawn Location: 7:00

Granas

  • Race: Protoss Protoss
  • League: Diamond
  • Spawn Location: 9:00

Computer 8

  • Race: Zerg Zerg
  • Spawn Location: 12:00

VOD

Have the link to the VOD?

Description

Time

  • Played on: March 18, 2017, 2:39 p.m.
  • Length: 138:31
Show
View Real Time Build Order
Export as new Build Order

Ectar Zerg 

Build Orders: Pool First 

Get SALT Encoding   

  12  0:01  Drone  
  13  0:08  Drone  
  14  0:18  Extractor  
  14  0:21  Drone  
  14  0:23  Overlord  
  14  0:41  Spawning Pool  
  13  0:44  Drone  
  13  0:48  Drone  
  15  0:58  Drone  
  15  0:59  Drone  
  17  1:07  Drone  
  18  1:17  Drone  
  19  1:27  Drone  
  20  1:34  Spine Crawler  
  20  1:36  Lair  
  19  1:48  Drone  
  19  1:50  Spine Crawler, Overlord  
  19  2:01  Drone  
  20  2:04  Extractor  
  19  2:13  Drone  
  20  2:23  Drone  
  18  2:58  Spire  
  13  3:21  Spire  
  11  3:31  Spine Crawler  
  9  3:58  Hatchery  
  8  4:11  Overlord x3  
  8  4:38  Mutalisk  
  10  4:46  Mutalisk  
  12  4:58  Mutalisk  
  14  5:14  Drone x2  
  16  5:29  Mutalisk  
  18  5:36  Drone x3  
  21  5:48  Drone  
  21  5:49  Drone  
  23  6:10  Mutalisk  
  25  6:17  Zerg Flyer Weapons Level 1  
  25  6:28  Drone x2  
  27  6:33  Extractor  
  24  6:46  Overlord  
  24  6:49  Mutalisk  
  26  7:02  Drone x2  
  28  7:10  Drone  
  21  7:25  Drone x2  
  23  7:39  Spore Crawler  
  22  8:12  Drone x4  
  26  8:13  Drone x2  
  20  8:36  Mutalisk x3  
  26  8:44  Mutalisk  
  28  8:57  Drone x3  
  28  8:58  Drone  
  32  9:14  Drone  
  32  9:15  Drone  
  34  9:45  Drone x6  
  40  9:50  Extractor  
  39  9:57  Drone x2  
  41  10:18  Mutalisk  
  6  10:57  Drone x5  
  6  10:58  Drone  
  8  11:09  Drone x2  
  3  11:20  Mutalisk  
  6  11:30  Overlord  
  4  11:40  Overlord  
  2  11:51  Overlord  
Show
View Real Time Build Order
Export as new Build Order

Szachu Terran 

Build Orders: Mech 

Get SALT Encoding   

  12  0:01  SCV  
  13  0:13  SCV  
  14  0:18  Supply Depot  
  14  0:25  SCV  
  15  0:40  SCV  
  15  0:41  Barracks  
  16  0:44  Refinery  
  16  0:52  SCV  
  17  1:04  SCV  
  18  1:16  SCV  
  19  1:25  Barracks  
  19  1:29  Reaper  
  19  1:31  Orbital Command  
  20  1:37  Refinery  
  20  1:42  Barracks  
  20  1:56  SCV  
  20  2:01  Supply Depot, Reaper  
  22  2:08  SCV  
  23  2:23  SCV  
  23  2:24  Reaper  
  25  2:32  Reaper  
  25  2:35  SCV  
  28  2:47  SCV  
  29  2:56  Reaper  
  29  3:00  Factory  
  29  3:01  Command Center  
  29  3:05  SCV  
  30  3:09  Barracks Reactor  
  30  3:11  Barracks Reactor  
  30  3:17  SCV  
  31  3:34  Supply Depot  
  31  3:41  Barracks Tech Lab  
  31  3:45  Factory  
  31  3:56  SCV  
  31  3:59  Engineering Bay, Supply Depot  
  31  4:01  Widow Mine x2  
  36  4:08  SCV  
  37  4:19  Orbital Command  
  37  4:20  SCV  
  37  4:32  SCV  
  37  4:35  Missile Turret  
  38  4:40  Starport  
  38  4:44  SCV  
  38  4:54  Widow Mine x2  
  38  4:56  SCV x2  
  44  5:02  Liberator  
  43  5:16  SCV x2  
  48  5:23  Barracks Reactor  
  48  5:27  Siege Tank  
  48  5:28  SCV  
  52  5:36  SCV  
  52  5:40  SCV  
  54  5:45  Missile Turret  
  54  5:47  Orbital Command  
  54  6:07  Refinery  
  54  6:08  Refinery  
  54  6:09  Siege Tank  
  57  6:14  Liberator  
  57  6:26  SCV x2  
  62  6:37  Supply Depot  
  62  6:38  Supply Depot  
  62  6:39  Supply Depot  
  62  6:42  Liberator  
  62  6:46  Barracks Tech Lab  
  62  6:47  Barracks Tech Lab  
  62  6:59  Siege Tank, SCV x2  
  62  7:00  Liberator, Armory  
  70  7:11  Factory, SCV x2  
  75  7:25  SCV x2  
  77  7:32  Siege Tank  
  77  7:33  Hellion x2  
  77  7:34  Command Center  
  84  7:40  SCV x2  
  86  7:45  Supply Depot  
  86  7:46  Supply Depot  
  86  7:49  Terran Vehicle Weapons Level 1  
  86  8:02  Liberator  
  86  8:07  SCV x2  
  88  8:15  Siege Tank x2  
  88  8:17  Hellion x2  
  101  8:27  Supply Depot  
  101  8:30  Supply Depot  
  101  8:32  Supply Depot  
  101  8:38  Missile Turret  
  101  8:41  Missile Turret  
  101  8:44  Missile Turret  
  101  8:45  Missile Turret  
  101  8:46  SCV x2  
  103  8:50  Widow Mine x3  
  109  8:56  Drilling Claws  
  109  8:58  SCV x2  
  110  9:10  SCV  
  109  9:24  Liberator x2  
  109  9:30  Planetary Fortress  
  109  9:31  Missile Turret  
  109  9:33  Missile Turret x2  
  109  9:38  Widow Mine x2  
  109  9:39  Widow Mine x2  
  109  9:44  SCV x2  
  125  9:53  Building Armor  
  125  9:56  SCV x2  
  125  9:57  Refinery  
  127  10:06  Terran Vehicle And Ship Armor Level 1  
  127  10:08  Hellion x4, SCV  
  127  10:11  Supply Depot x2  
  127  10:12  Supply Depot  
  136  10:15  Liberator x2, SCV x2  
  136  10:20  SCV  
  139  10:27  SCV x2  
  141  10:32  SCV  
  141  10:33  Hellion, Thor  
  156  10:39  SCV  
  157  10:47  Factory  
  157  11:10  Thor  
  163  11:12  Hellion  
  165  11:19  Supply Depot x2  
  165  11:21  Supply Depot  
  165  11:22  Supply Depot  
  165  11:23  Liberator x2  
  165  11:40  Thor  
  165  11:41  Hellion x2  
  181  11:49  Command Center  
  181  11:52  Command Center  
  181  11:54  Hellion  
  183  12:00  Hi-Sec Auto Tracking, Terran Vehicle Weapons Level 2  
  183  12:02  Hellion x2  
  187  12:12  Hellion x2  
  187  12:15  Thor  
  197  12:30  Supply Depot  
  197  12:44  Command Center  
  197  12:49  Command Center  
  197  12:50  Sensor Tower  
  197  12:52  Hellion  
  199  12:58  Sensor Tower  
  199  13:15  Planetary Fortress  
  199  13:22  Missile Turret  
  199  13:27  Missile Turret  
  199  13:28  Planetary Fortress  
  199  13:29  Missile Turret  
  199  14:03  Orbital Command  
  199  14:04  Planetary Fortress  
  199  14:08  Missile Turret x2  
  199  14:09  Missile Turret  
  199  14:10  Sensor Tower, Command Center x2  
  199  14:13  Missile Turret  
  199  14:34  Hellion x2  
  199  14:36  Missile Turret, Hellion  
  200  14:42  Hellion  
  155  14:54  Liberator x2  
  155  14:59  Siege Tank x2  
  123  15:26  Hellion x4  
  131  15:31  Siege Tank x2  
  131  15:34  Missile Turret x2  
  134  15:36  Liberator x2  
  134  15:40  Planetary Fortress  
  134  15:41  Planetary Fortress  
  134  15:47  Starport  
  134  15:48  Starport  
  132  15:51  Refinery  
  136  16:03  Siege Tank  
  135  16:19  Liberator x2  
  135  16:27  Starport Reactor x2  
  135  16:29  Terran Vehicle And Ship Armor Level 2  
  141  16:44  Siege Tank x2  
  141  16:46  Hellion x4  
  152  17:02  Liberator  
  152  17:07  Hellion x3  
  152  17:08  Hellion  
  160  17:09  Liberator x2  
  160  17:16  Siege Tank x2  
  172  17:29  Hellion x4  
  180  18:13  Thor x2  
  189  18:25  Liberator  
  189  18:30  Hellion x3  
  189  18:31  Hellion  
  197  19:10  Barracks Tech Lab  
  197  19:12  Starport  
  197  19:22  Barracks Tech Lab  
  197  19:24  Starport  
  197  19:26  Terran Ship Weapons Level 1  
  188  20:12  Missile Turret  
  188  20:25  Missile Turret  
  188  20:26  Missile Turret  
  188  20:53  Liberator x5  
  177  21:36  Liberator x3  
  177  21:37  Liberator x3  
  174  21:48  Thor x2  
  197  22:12  Missile Turret  
  197  22:13  Missile Turret  
  197  22:14  Liberator x2  
  180  22:19  Liberator x4  
  133  22:34  Thor  
  133  22:35  Thor  
  133  22:36  Widow Mine x4  
  171  23:04  Widow Mine  
  167  23:17  Thor x2  
  179  23:28  Terran Ship Weapons Level 2  
  178  23:35  Fusion Core  
  178  23:46  SCV x2  
  178  23:47  SCV x5  
  185  23:58  SCV  
  181  24:22  Liberator x2  
  181  24:23  Liberator x6  
  160  24:36  Widow Mine x3  
  160  24:37  Widow Mine x3  
  155  24:58  SCV x7  
  147  25:05  Widow Mine x3  
  147  25:07  Thor x2  
  153  25:09  Widow Mine  
  153  25:10  SCV x6  
  173  25:17  Command Center  
  173  25:21  Command Center  
  170  25:44  Terran Vehicle And Ship Armor Level 3  
  170  25:47  SCV x3  
  170  25:48  SCV x4  
  170  25:49  Thor  
  177  25:51  Liberator x3  
  183  26:06  Thor  
  198  26:29  Liberator x2  
  180  26:54  Liberator x3  
  168  27:08  Thor x2  
  172  27:51  Thor x2  
  178  28:21  Terran Vehicle Weapons Level 3  
  178  28:30  Advanced Ballistics  
  178  28:34  Thor x2  
  187  28:52  Liberator x2  
  184  28:58  Orbital Command  
  190  29:16  Thor  
  190  29:17  Siege Tank  
  196  29:44  Liberator  
  196  29:45  Liberator x3  
  188  30:00  Siege Tank  
  200  30:27  Sensor Tower  
  200  30:58  Terran Ship Weapons Level 3  
  200  31:22  Planetary Fortress  
  200  31:46  Refinery x2  
  200  31:47  Missile Turret x2  
  200  31:49  Missile Turret  
  199  32:44  Missile Turret x3  
  199  32:50  Missile Turret x2  
  191  33:35  Corvid Reactor  
  191  33:40  Raven x2  
  187  33:43  Liberator x2  
  187  33:46  Liberator x2  
  157  34:02  Raven  
  157  34:23  Raven x2  
  161  34:26  Liberator x2  
  161  34:29  Liberator x2  
  161  34:44  Raven  
  166  34:49  Thor x2  
  184  34:54  Recalibrated Explosives  
  184  35:06  Raven x2  
  188  35:09  Liberator x2  
  188  35:10  Liberator  
  197  35:48  Raven x2  
  196  36:09  Missile Turret  
  196  36:10  Raven  
  198  37:13  Missile Turret  
  197  37:31  Raven  
  199  38:14  Command Center  
  193  38:22  Raven x3  
  187  39:30  Raven x3  
  193  39:40  SCV  
  193  39:41  Refinery, SCV x6  
  193  39:45  Refinery  
  200  39:48  Planetary Fortress  
  200  40:26  Command Center  
  200  40:54  Sensor Tower  
  200  41:06  Sensor Tower  
  200  41:29  Sensor Tower  
  200  41:36  Starport  
  200  41:37  Starport  
  200  41:39  Starport x2  
  200  41:40  Starport  
  200  41:42  Starport  
  200  42:22  Liberator x7  
  164  42:37  Starport Tech Lab x3  
  164  42:38  Starport Tech Lab x3  
  185  42:55  Liberator x5  
  200  43:34  Sensor Tower  
  200  43:40  Refinery, Planetary Fortress  
  195  46:43  Raven x3  
  195  46:44  Raven  
  196  46:49  Raven x2  
  196  46:50  Raven x3  
  191  47:26  Raven x4  
  181  50:41  Thor x2  
  183  50:57  Sensor Tower, SCV x6  
  188  51:24  Thor x2  
  185  52:18  Raven x5  
  187  52:41  Thor x2  
  193  52:56  Raven x3  
  194  53:24  Thor  
  196  53:44  Raven x2  
  195  54:05  Raven x2  
  191  54:21  Raven x4  
  190  55:33  Raven  
  190  55:34  Raven x4  
  170  55:42  Raven x2  
  170  55:43  Raven x2  
  176  56:16  Raven x3  
  176  56:17  Raven x2  
  180  56:22  Thor x2  
  180  56:25  Raven x2  
  193  57:05  Thor  
  197  57:11  Raven  
  192  58:37  Raven x2  
  192  58:38  Raven x7  
  195  58:54  Thor x2  
  188  59:20  Raven x3  
  188  59:21  Raven  
  196  59:37  Thor x2  
  186  59:41  Raven x3  
  186  59:42  Raven x2  
  200  60:13  Liberator  
  177  61:44  Raven x6  
  165  62:14  Raven x3  
  147  62:16  Thor  
  147  62:17  Thor  
  147  62:18  Liberator  
  147  62:19  Liberator x2  
  156  62:27  Raven x6  
  131  62:59  Thor x2  
  131  63:00  Raven x2  
  131  63:01  Raven  
  149  63:06  Liberator  
  149  63:08  Missile Turret  
  149  63:09  Raven x2  
  149  63:10  Missile Turret, Raven x4  
  155  63:12  Missile Turret  
  137  63:35  SCV x7  
  137  63:36  SCV x2  
  146  63:42  Thor x2  
  146  63:43  Raven x3  
  164  63:52  Raven x3  
  164  63:53  Raven x3  
  172  64:25  Thor x2  
  172  64:26  Raven x3  
  190  64:35  Raven x4  
  190  64:36  Raven  
  176  65:58  Raven x7  
  176  65:59  Thor  
  182  66:43  Raven x2  
  182  66:44  Raven x4  
  188  66:51  Liberator x2  
  188  66:52  Liberator x2  
  186  67:10  Raven x2  
  186  67:11  Raven  
  178  68:08  Liberator x7  
  178  68:09  Liberator x4  
  164  68:36  Thor x2  
  175  68:52  Factory Tech Lab  
  170  69:04  Raven x2  
  170  69:07  Factory Tech Lab  
  170  69:08  Raven x5  
  170  69:09  Raven x2  
  182  69:18  Thor x2  
  174  69:47  Raven  
  176  70:01  Thor x2  
  180  70:44  Thor x2  
  180  70:45  Starport Tech Lab  
  180  70:46  Starport Tech Lab  
  180  70:47  Raven x4  
  188  71:13  Raven x5  
  198  71:30  Raven  
  168  71:51  Raven x3  
  164  71:55  Raven, Liberator x4  
  164  71:56  Raven x4  
  161  72:12  Raven, Thor x3  
  151  72:29  Thor  
  142  72:34  Raven x3  
  142  72:38  Liberator x3  
  142  72:39  Raven x2  
  140  72:55  Raven, Thor x3  
  151  73:12  Thor  
  154  73:17  Raven x3  
  154  73:33  Starport Tech Lab x2  
  154  73:34  Orbital Command  
  154  73:37  Thor  
  154  73:38  Raven  
  162  73:54  SCV x5  
  167  73:59  Raven  
  167  74:00  Raven x2  
  173  74:06  SCV x5  
  178  74:18  SCV  
  178  74:23  SCV x5  
  184  74:31  SCV  
  185  74:35  SCV x4  
  189  74:43  Sensor Tower, SCV  
  190  74:46  Raven x5  
  140  76:14  Liberator x4  
  110  76:28  Raven x3  
  126  76:57  Liberator x4  
  123  77:10  Raven  
  123  77:11  Raven x2  
  140  77:17  SCV  
  133  77:39  Liberator x2  
  106  77:53  Raven x2  
  106  77:54  Raven  
  106  77:57  SCV x5  
  113  78:08  Liberator  
  113  78:09  Liberator, SCV x4  
  112  78:22  Liberator x2  
  111  78:36  Raven x3  
  92  78:51  Liberator  
  83  78:59  Hellion x4  
  88  79:13  SCV x5  
  93  79:19  Raven x3  
  93  79:21  Hellion x3  
  107  79:25  SCV x5  
  112  79:37  SCV x5  
  115  79:41  Command Center  
  115  79:42  Hellion x3  
  121  79:49  SCV x5  
  126  79:53  Factory Tech Lab  
  673  80:00  Liberator x3  
  126  80:01  SCV x5  
  126  80:02  Raven x3  
  126  80:04  Hellion x3  
  143  80:11  Infernal Pre-Igniter  
  152  80:25  Hellion x3  
  144  80:45  Raven x3  
  127  81:10  Hellion x4  
  121  81:27  Raven x2  
  121  81:28  Raven  
  121  81:31  Hellion x4  
  103  81:53  Hellion x4  
  108  82:10  Raven x3  
  108  82:14  Hellion x4  
  122  82:29  SCV x5  
  127  82:35  Hellion x2  
  127  82:36  Hellion x2  
  127  82:41  SCV x5, Planetary Fortress  
  132  82:53  Raven x3, SCV x5  
  132  82:57  Hellion x4  
  131  83:08  SCV x3  
  131  83:09  SCV x2  
  136  83:18  Hellion x4  
  144  83:20  SCV x2  
  135  83:39  Hellion  
  135  83:40  Hellion x3  
  131  83:46  Raven  
  131  83:47  Raven x2  
  121  83:53  SCV  
  120  83:56  Refinery x2  
  120  83:58  SCV  
  120  84:00  SCV  
  120  84:01  Hellion x4  
  120  84:02  SCV  
  131  84:05  SCV, Command Center  
  132  84:10  SCV  
  132  84:12  SCV  
  132  84:14  SCV  
  135  84:18  SCV  
  135  84:22  Hellion x2  
  135  84:23  Hellion x2, SCV  
  145  84:24  SCV  
  145  84:26  SCV  
  145  84:29  Raven x3  
  145  84:30  SCV  
  145  84:31  Starport Tech Lab  
  154  84:32  Starport Tech Lab  
  154  84:35  SCV  
  154  84:37  SCV  
  156  84:38  SCV  
  156  84:42  SCV  
  156  84:44  Hellion x4  
  166  84:49  SCV  
  166  84:50  SCV  
  168  84:53  Raven  
  168  84:54  Raven  
  172  85:05  Hellion x4  
  180  85:12  Raven  
  182  85:22  Raven x2  
  182  85:26  Hellion x2  
  182  85:27  Hellion x2  
  152  85:46  Raven x2  
  152  85:48  Hellion x4  
  154  85:53  SCV  
  155  86:05  SCV  
  155  86:09  Hellion x4  
  162  86:17  SCV  
  163  86:25  SCV, Command Center  
  164  86:29  SCV  
  164  86:31  Hellion x4  
  173  86:37  SCV  
  173  86:38  Raven x5  
  184  86:41  SCV  
  185  86:49  SCV  
  185  86:52  Hellion x2  
  186  87:01  SCV  
  167  87:13  Hellion x2, SCV  
  172  87:18  Planetary Fortress  
  172  87:21  Raven  
  174  87:23  Refinery  
  174  87:28  Hellion x4  
  174  87:29  Sensor Tower  
  182  87:35  Hellion x2  
  186  87:49  Hellion  
  186  87:50  Hellion x3  
  192  87:56  Raven x3, Hellion x2  
  200  88:11  Hellion x4  
  184  88:13  Raven  
  184  88:14  Raven  
  184  88:17  Hellion  
  184  88:18  Hellion  
  148  88:32  Hellion  
  148  88:33  Hellion x3  
  156  88:39  Raven, Hellion x2  
  162  88:52  Sensor Tower  
  162  88:54  Hellion x4  
  167  89:00  Hellion x2  
  167  89:03  Raven x3  
  173  89:15  Hellion x4  
  181  89:22  Hellion x2  
  185  89:36  Hellion  
  185  89:37  Hellion x3  
  189  89:42  Thor  
  189  89:43  Hellion  
  191  89:58  Hellion x4  
  193  90:04  Hellion  
  193  90:05  Liberator  
  195  90:11  Refinery  
  195  90:14  Refinery  
  195  90:18  Planetary Fortress  
  195  90:26  Hellion  
  200  90:38  Liberator  
  200  90:39  Liberator  
  178  90:57  Raven x2  
  178  91:00  Thor  
  178  91:01  Thor  
  194  91:05  Raven  
  196  91:31  Liberator  
  182  91:38  Raven x2  
  167  91:40  Raven x2  
  167  91:44  Thor  
  161  91:47  Hellion  
  161  91:48  Hellion x4  
  156  92:04  Liberator x2  
  156  92:05  Liberator x2  
  156  92:09  Hellion x5  
  172  92:27  Hellion  
  178  92:30  Hellion  
  178  92:31  Hellion x4  
  183  92:49  Hellion  
  185  92:52  Hellion x5  
  195  93:10  Hellion  
  197  93:13  Hellion  
  186  93:51  Liberator x3  
  186  93:52  Factory Tech Lab, Liberator  
  180  93:58  Thor  
  166  94:09  Raven  
  176  94:12  Thor  
  158  94:26  Hellion x4  
  158  94:40  Thor  
  152  94:47  Hellion  
  152  94:48  Hellion x3  
  152  94:51  Raven x4  
  152  94:52  Raven  
  169  94:55  Thor  
  172  95:09  Hellion x4  
  180  95:14  Sensor Tower  
  180  95:22  Missile Turret  
  180  95:23  Thor  
  180  95:24  Missile Turret  
  180  95:25  Missile Turret  
  186  95:30  Hellion  
  186  95:31  Hellion x3  
  186  95:34  Raven x4  
  200  95:40  Liberator  
  177  96:00  Liberator x3  
  180  96:05  SCV x4  
  180  96:06  SCV  
  185  96:17  Raven, SCV  
  185  96:18  SCV x3  
  200  97:32  Command Center  
  188  97:51  Raven x3  
  194  97:58  Sensor Tower  
  194  98:00  Missile Turret  
  194  98:01  Missile Turret  
  194  98:04  Missile Turret  
  192  98:41  Raven x4  
  198  99:18  Raven  
  198  99:23  Refinery  
  200  99:30  Refinery  
  188  99:39  Raven x2  
  185  100:02  SCV  
  185  100:03  SCV  
  187  100:14  SCV  
  188  100:16  SCV  
  189  100:26  SCV  
  189  100:28  SCV  
  191  100:34  Raven x3  
  197  100:38  SCV  
  197  100:40  SCV  
  199  100:52  SCV  
  200  101:17  Command Center  
  197  101:48  Command Center  
  197  101:49  Raven x2  
  181  102:27  Thor x2  
  193  102:51  Raven  
  193  102:52  Raven x2  
  175  105:01  Raven x3  
  175  105:02  Raven  
  177  105:30  Siege Tank x2  
  169  106:02  Siege Tank  
  172  106:24  Raven  
  172  106:25  Raven x4  
  182  107:07  Raven  
  182  107:08  Raven x4  
  192  107:50  Raven x2  
  192  107:51  Raven x2  
  194  109:59  SCV  
  195  110:11  SCV  
  184  110:23  SCV  
  184  110:35  SCV  
  184  110:36  Refinery  
  184  110:38  Refinery  
  184  110:43  Liberator x4  
  184  110:44  Liberator  
  184  110:47  SCV  
  200  111:25  Planetary Fortress  
  200  114:03  Command Center  
  200  114:49  Command Center  
  200  116:13  Refinery  
  195  117:08  Sensor Tower  
  165  118:01  Thor x2  
  177  118:44  Thor x2  
  187  119:03  Supply Depot  
  187  119:15  Raven x4  
  195  119:24  Raven  
  195  119:26  Command Center  
  155  120:43  Liberator x3  
  155  120:56  Thor x2  
  167  121:00  Raven  
  167  121:01  Raven  
  180  121:39  Thor x2  
  192  121:43  Raven x3  
  198  121:57  Planetary Fortress  
  198  122:03  SCV x2  
  200  122:12  Refinery  
  200  122:38  Command Center  
  200  122:41  Command Center  
  196  123:17  Raven x2  
  200  124:59  Planetary Fortress  
  200  125:00  Refinery, Planetary Fortress  
  200  125:03  Refinery  
  200  125:26  Starport  
  200  125:28  Starport  
  200  125:30  Starport  
  200  125:32  Starport  
  200  126:10  Starport Tech Lab x2  
  192  127:09  Raven x5  
  191  127:34  Raven  
  191  127:35  Raven  
  195  127:52  Raven x2  
  147  128:21  Thor x2  
  147  128:24  Liberator x4  
  147  128:25  Liberator x7  
  192  129:04  Thor  
  198  129:24  Raven  
  200  130:47  Liberator x7  
  200  130:48  Liberator  
  189  131:22  Thor x2  
  199  131:44  Factory  
  199  132:05  Factory Tech Lab  
  187  134:44  Thor x2  
  169  136:42  Liberator x4  
  157  136:51  Thor x2  
  157  136:52  Thor x3  
Show
View Real Time Build Order
Export as new Build Order

Taurino Terran 

Build Orders: Liberator Opening 

Get SALT Encoding   

  12  0:01  SCV  
  13  0:13  SCV  
  14  0:19  Supply Depot  
  14  0:28  SCV  
  15  0:40  SCV  
  16  0:44  Barracks  
  16  0:54  SCV  
  17  1:03  Refinery  
  17  1:06  Refinery, SCV  
  18  1:18  Supply Depot  
  18  1:19  SCV  
  20  1:37  Bunker  
  20  1:44  Barracks Tech Lab  
  19  1:51  Orbital Command  
  19  2:04  Factory  
  19  2:17  SCV  
  20  2:34  Command Center  
  20  2:45  Barracks Tech Lab  
  20  2:49  Factory Tech Lab  
  20  2:52  Starport  
  20  2:55  SCV  
  21  3:07  SCV  
  21  3:10  Siege Tank  
  25  3:14  Liberator, Barracks Tech Lab  
  25  3:19  Ghost Academy, SCV  
  29  3:43  SCV  
  30  3:53  Reaper  
  31  3:56  Orbital Command  
  31  4:02  Engineering Bay  
  31  4:03  Refinery  
  31  4:07  SCV  
  31  4:09  Refinery  
  32  4:29  Missile Turret  
  32  4:31  Ghost  
  32  4:32  Liberator  
  32  4:37  Orbital Command  
  34  4:47  SCV  
  38  4:53  Siege Tank  
  41  5:01  Ghost  
  43  5:08  SCV  
  43  5:13  Personal Cloaking  
  44  5:20  SCV  
  45  5:33  SCV  
  46  5:44  Supply Depot x2  
  46  5:45  Missile Turret  
  46  6:05  Ghost, SCV x2  
  50  6:17  SCV  
  48  6:33  Ghost, Armory, SCV x2  
  52  6:48  Siege Tank  
  55  6:54  Command Center  
  55  7:00  Building Armor  
  55  7:02  Ghost  
  55  7:04  Starport Reactor  
  57  7:23  Liberator  
  57  7:34  Missile Turret x2  
  57  7:36  Missile Turret x2  
  57  7:39  Missile Turret  
  60  7:48  Armory  
  60  7:54  Engineering Bay  
  60  7:55  Liberator, SCV x2  
  62  8:07  SCV  
  66  8:13  Orbital Command  
  66  8:22  Command Center  
  66  8:34  SCV  
  66  8:35  SCV  
  66  8:40  Hi-Sec Auto Tracking  
  68  8:47  SCV x2  
  68  8:48  Terran Vehicle Weapons Level 1  
  70  8:50  Missile Turret  
  70  8:51  Terran Ship Weapons Level 1  
  70  8:53  Missile Turret x2  
  70  9:06  Thor  
  76  9:14  Ghost  
  76  9:15  Liberator, Supply Depot  
  78  9:20  SCV  
  78  9:21  SCV  
  80  9:25  Refinery  
  80  9:36  Barracks  
  83  9:39  Terran Infantry Weapons Level 1  
  83  9:41  Barracks  
  83  9:56  Orbital Command  
  83  10:10  SCV  
  83  10:11  SCV  
  85  10:15  Command Center  
  85  10:17  Command Center  
  85  10:26  SCV x2  
  85  10:27  Terran Infantry Armor Level 1  
  87  10:30  Barracks Tech Lab x2  
  87  10:36  Ghost  
  87  10:52  Ghost x2  
  91  10:57  SCV  
  91  10:59  SCV x2  
  94  11:04  Ghost  
  94  11:06  Command Center  
  96  11:23  Nuke  
  96  11:27  Ghost Academy  
  96  11:33  Ghost  
  96  11:35  Liberator  
  98  11:40  Planetary Fortress, Orbital Command  
  98  11:44  Siege Tank  
  104  12:01  Ghost  
  106  12:16  Siege Tank  
  106  12:20  Liberator x2  
  109  12:24  Terran Ship Weapons Level 2, Terran Vehicle Weapons Level 2  
  109  12:30  Ghost  
  109  12:33  Command Center  
  117  12:48  Ghost x2  
  121  12:57  SCV  
  121  12:58  SCV  
  123  13:02  Command Center  
  121  13:24  Terran Infantry Weapons Level 2, Terran Infantry Armor Level 2  
  121  13:25  Missile Turret x2  
  121  13:30  Starport  
  121  13:38  Factory  
  121  13:39  Factory  
  121  13:46  Orbital Command  
  121  13:48  Orbital Command  
  121  14:01  Missile Turret  
  121  14:04  Missile Turret  
  121  14:19  Ghost, Reaper  
  121  14:20  Ghost  
  119  14:48  Ghost x2  
  119  14:50  Hellbat  
  119  14:51  Ghost  
  120  15:07  Liberator x2  
  120  15:11  Hellbat  
  98  15:26  Ghost  
  98  15:27  Ghost x2  
  108  15:33  Hellbat, Orbital Command  
  110  15:38  Hellbat x2  
  114  15:50  Liberator  
  114  15:55  Ghost, Terran Infantry Weapons Level 3  
  116  16:00  Liberator, Hellbat x2  
  123  16:23  Hellion, Orbital Command  
  129  16:25  Starport Reactor  
  129  16:29  Factory  
  129  16:30  Factory Reactor  
  129  16:31  Factory Reactor  
  125  16:33  Liberator  
  125  16:35  Terran Vehicle Weapons Level 3  
  125  16:50  Thor  
  134  16:54  Liberator  
  123  17:10  Liberator  
  123  17:15  Liberator  
  123  17:28  Hellbat  
  126  17:36  Supply Depot  
  129  17:38  Supply Depot, Liberator x2  
  129  17:56  Hellion  
  129  17:57  Hellion  
  139  18:23  Sensor Tower  
  139  18:40  Thor  
  145  18:44  Liberator x2  
  151  19:05  Orbital Command  
  151  19:08  Terran Infantry Armor Level 3  
  151  19:11  Factory Tech Lab  
  151  19:23  Siege Tank  
  154  19:37  Missile Turret  
  154  19:39  Missile Turret  
  154  19:55  Siege Tank  
  157  20:07  Ghost x2  
  157  20:11  Nuke  
  157  20:13  Nuke, Refinery  
  161  20:17  Refinery  
  161  20:36  Ghost x2  
  146  22:00  Thor  
  146  22:01  Thor  
  158  22:03  Hellion x3  
  155  22:43  Liberator  
  155  22:53  Terran Vehicle And Ship Armor Level 1, Terran Ship Weapons Level 3  
  155  22:56  Thor  
  155  22:57  Siege Tank  
  167  23:12  Refinery  
  167  23:19  Refinery  
  167  23:26  Orbital Command  
  167  23:32  Supply Depot  
  167  23:34  Starport Reactor  
  167  23:37  Liberator  
  167  23:40  Supply Depot  
  167  23:54  Siege Tank x2  
  176  24:01  Nuke  
  176  24:03  Nuke  
  150  24:34  Hellion x6  
  136  24:43  Liberator x2  
  136  24:44  Liberator x2  
  94  24:53  Ghost  
  94  24:54  Ghost, Reaper  
  94  24:55  Hellion  
  85  25:09  Siege Tank, Thor  
  90  25:22  Ghost x2  
  90  25:25  Ghost  
  90  25:26  Liberator x2, Command Center  
  90  25:27  Liberator  
  92  25:40  Thor  
  104  25:50  Ghost  
  104  25:51  Ghost  
  104  25:52  Thor  
  104  25:55  Terran Vehicle And Ship Armor Level 2  
  114  26:06  Command Center  
  114  26:09  Liberator  
  114  26:17  Neosteel Frame  
  114  26:23  Thor  
  120  26:28  Factory  
  120  26:30  Factory  
  123  26:35  Thor  
  107  26:50  Liberator x2  
  80  27:06  Thor  
  84  27:17  Thor  
  90  27:30  Liberator x2  
  84  27:49  Thor  
  90  28:00  Thor  
  90  28:03  Command Center  
  96  28:17  Siege Tank x2  
  102  28:32  Siege Tank  
  105  28:43  Siege Tank  
  108  29:03  Liberator x3  
  108  29:04  Siege Tank  
  113  29:29  Planetary Fortress  
  113  29:45  Refinery  
  113  30:13  Orbital Command  
  108  30:23  Siege Tank x2  
  106  30:47  Fusion Core  
  106  31:07  Command Center  
  105  31:40  Ghost  
  105  31:43  Nuke x2  
  106  31:55  Advanced Ballistics  
  106  32:01  Liberator x2  
  106  32:02  Liberator  
  106  32:09  Ghost  
  108  32:21  Orbital Command  
  117  32:32  SCV  
  117  32:33  SCV x2  
  120  32:41  Thor  
  138  32:47  Siege Tank x2  
  132  32:57  Orbital Command  
  132  33:17  Orbital Command  
  129  34:28  Nuke  
  129  34:29  Nuke  
  118  35:15  Ghost  
  118  35:19  Siege Tank x3  
  129  35:26  Command Center  
  129  35:43  Ghost  
  131  35:51  Siege Tank x3  
  131  35:52  Terran Vehicle And Ship Armor Level 3  
  140  36:10  SCV x2  
  140  36:11  SCV x2  
  143  36:12  Ghost  
  94  36:57  Liberator x2  
  94  37:05  Command Center  
  94  37:07  Orbital Command  
  85  37:40  Liberator  
  85  37:42  Starport  
  85  37:44  Liberator  
  85  37:49  Starport  
  85  37:50  Starport  
  79  38:09  SCV x3  
  79  38:10  Starport  
  48  38:23  Ghost  
  7  41:21  Supply Depot  
  7  41:30  Orbital Command  
  7  41:44  Orbital Command  
  7  41:57  SCV  
  8  42:09  Barracks  
  4  43:35  Supply Depot  
  3  44:18  Orbital Command  
    54:28  SCV  
  1  54:40  SCV  
  2  54:58  Supply Depot  
  2  55:14  Starport  
  2  55:26  Barracks  
  2  56:08  Fusion Core  
  2  56:11  Starport  
  2  56:27  Reaper  
    59:40  Starport Tech Lab  
    59:48  Starport Tech Lab  
    59:59  Raven  
  2  60:07  Raven  
  4  62:38  SCV  
  4  62:40  Liberator  
  5  62:45  Starport Tech Lab  
  8  63:04  Liberator  
  8  63:23  Liberator  
  11  63:39  SCV  
  15  64:34  Supply Depot  
  15  64:56  SCV  
  16  66:13  SCV  
  17  66:25  SCV  
  18  66:37  SCV  
  19  66:51  SCV  
  20  67:04  SCV  
  21  67:17  SCV  
  22  67:27  Barracks  
  21  71:01  Supply Depot  
  21  71:23  SCV  
  22  71:28  Refinery  
  22  72:28  Barracks  
  22  72:30  SCV  
  23  72:56  Engineering Bay  
  23  73:22  Missile Turret  
  23  73:27  Missile Turret  
  23  73:46  Refinery  
  23  73:56  Missile Turret  
Show
View Real Time Build Order
Export as new Build Order

Railgan Terran 

Build Orders: Liberator Opening 

Get SALT Encoding   

  12  0:01  SCV  
  13  0:13  SCV  
  14  0:19  Supply Depot  
  14  0:25  SCV  
  15  0:34  Refinery  
  15  0:41  SCV  
  16  0:45  Barracks  
  16  0:53  SCV  
  17  1:05  SCV  
  17  1:09  Refinery  
  18  1:17  SCV  
  19  1:31  Orbital Command  
  19  1:32  Reaper  
  20  1:42  Supply Depot  
  20  1:47  Factory  
  20  1:57  SCV  
  21  2:09  SCV  
  21  2:12  Reaper  
  23  2:20  Supply Depot  
  23  2:21  SCV  
  24  2:33  SCV  
  25  2:45  SCV  
  25  2:47  Reaper  
  25  2:49  Hellion  
  25  2:50  Starport  
  29  2:58  SCV  
  30  3:02  Supply Depot  
  30  3:05  Engineering Bay  
  30  3:10  Liberator, SCV  
  31  3:14  Hellion  
  33  3:22  SCV  
  37  3:34  SCV  
  38  3:41  Factory Reactor  
  38  3:46  SCV  
  38  3:56  Command Center  
  38  3:58  SCV  
  39  4:03  Missile Turret  
  39  4:07  Missile Turret  
  39  4:09  Liberator  
  39  4:10  Liberator  
  45  4:32  Supply Depot x2  
  45  4:37  Factory Reactor  
  45  4:42  SCV  
  45  4:45  Hi-Sec Auto Tracking  
  46  4:52  Liberator  
  46  4:54  SCV  
  47  5:09  Orbital Command  
  47  5:10  SCV  
  51  5:23  Command Center  
  51  5:25  Widow Mine x2  
  55  5:28  SCV  
  55  5:29  Factory  
  55  5:30  Liberator  
  56  5:36  Missile Turret  
  56  5:48  SCV  
  60  5:53  Widow Mine, Supply Depot  
  62  6:00  SCV  
  63  6:05  Widow Mine  
  63  6:11  Missile Turret  
  65  6:14  SCV  
  66  6:24  SCV  
  67  6:26  Supply Depot  
  67  6:27  Widow Mine  
  67  6:30  Factory Tech Lab  
  69  6:34  Armory  
  69  6:36  Orbital Command  
  69  6:45  Missile Turret x2  
  69  6:53  SCV  
  70  7:00  SCV  
  68  7:02  SCV  
  68  7:03  Hellion  
  68  7:04  Hellion x2  
  68  7:05  SCV  
  68  7:07  Refinery  
  76  7:22  SCV x2  
  78  7:31  Thor  
  78  7:33  Hellion x2  
  88  7:46  SCV x2  
  90  7:59  Liberator  
  90  8:01  Hellion  
  92  8:07  SCV  
  92  8:08  Orbital Command  
  92  8:12  Liberator  
  93  8:29  Hellion  
  93  8:31  Orbital Command  
  98  8:37  Widow Mine x2, Refinery, SCV x2  
  104  8:57  Supply Depot  
  104  8:58  Supply Depot, Armory  
  104  8:59  Hellion, Supply Depot  
  104  9:00  SCV x3  
  109  9:10  Missile Turret  
  109  9:14  Missile Turret  
  109  9:15  Refinery  
  109  9:17  Supply Depot  
  109  9:19  Hellion, Supply Depot, SCV x3, Thor  
  109  9:20  Supply Depot  
  120  9:26  Terran Vehicle Weapons Level 1  
  120  9:28  Supply Depot  
  120  9:31  SCV x3  
  112  9:42  Hellion x2  
  112  9:43  SCV x3  
  119  9:55  SCV x3  
  122  10:02  Factory, Thor  
  122  10:04  Factory  
  128  10:07  SCV x3  
  128  10:09  Missile Turret  
  128  10:14  Missile Turret  
  131  10:19  Factory, SCV x3  
  134  10:26  Hellion x2  
  138  10:31  Supply Depot, SCV  
  138  10:32  Supply Depot  
  135  10:44  Supply Depot  
  135  10:45  Siege Tank, Supply Depot  
  135  10:49  Factory Tech Lab  
  138  10:53  Hellion x2  
  142  11:09  Siege Tank  
  142  11:11  Factory, Factory Tech Lab  
  145  11:13  Missile Turret  
  145  11:17  Siege Tank  
  148  11:22  Hellion x2, Supply Depot  
  152  11:39  Liberator x2  
  152  11:41  Siege Tank  
  161  11:49  Thor  
  161  11:58  Hellion x2  
  161  12:01  Factory, Factory Tech Lab  
  171  12:14  Siege Tank  
  174  12:15  Command Center  
  174  12:19  Hellion  
  174  12:22  Liberator x2  
  176  12:23  Command Center  
  176  12:25  Factory, Command Center  
  176  12:26  Command Center  
  176  12:30  Command Center  
  176  12:31  Terran Vehicle Weapons Level 2  
  176  12:32  Siege Tank  
  176  12:33  Terran Ship Weapons Level 1  
  185  13:00  Thor  
  185  13:01  Hellion  
  185  13:02  Hellion  
  185  13:03  Factory Tech Lab  
  195  13:05  Factory Reactor  
  195  13:07  Hellion  
  195  13:08  Hellion  
  195  13:11  Factory Reactor  
  199  13:13  Supply Depot  
  199  13:14  Liberator  
  196  13:46  Siege Tank  
  196  13:48  Orbital Command  
  199  13:49  Orbital Command x2  
  196  14:28  Missile Turret  
  196  14:37  Missile Turret x2, Orbital Command  
  195  14:40  Missile Turret  
  194  14:56  Missile Turret  
  194  14:57  Missile Turret  
  194  15:11  Orbital Command  
  194  15:15  Terran Vehicle Weapons Level 3, Terran Ship Weapons Level 2  
  194  15:20  Missile Turret  
  194  15:21  Missile Turret  
  188  16:03  Missile Turret  
  188  16:05  Missile Turret  
  179  16:20  Liberator  
  179  16:21  Liberator  
  155  16:39  Thor x4  
  167  16:41  Hellion x3  
  167  16:42  Hellion  
  189  16:50  Supply Depot  
  184  17:03  Liberator x2  
  184  17:05  Hellion  
  184  17:06  Hellion x5  
  190  17:33  Siege Tank x2  
  175  17:46  Liberator x2  
  175  17:47  Starport  
  175  17:49  Starport  
  175  17:53  Fusion Core  
  175  17:54  Refinery  
  175  17:57  Refinery  
  178  18:29  Liberator x2  
  176  18:56  Siege Tank x2  
  171  19:07  Orbital Command  
  163  19:12  Liberator x2  
  163  19:15  SCV  
  163  19:16  SCV x3  
  167  19:18  SCV x2  
  167  19:19  SCV  
  176  19:33  Refinery  
  176  19:36  Refinery  
  176  19:38  Starport Tech Lab x2  
  175  19:43  Hellion x3  
  175  19:44  Terran Ship Weapons Level 3  
  175  19:45  Terran Vehicle And Ship Armor Level 1, Liberator x2  
  181  19:47  Building Armor  
  181  19:54  Liberator, Refinery  
  181  19:55  Liberator  
  181  20:04  Advanced Ballistics, Orbital Command  
  187  20:28  Liberator x2  
  176  20:41  Orbital Command  
  173  20:46  Liberator x2  
  182  21:11  Liberator x2  
  167  21:28  Liberator x2  
  167  21:29  Siege Tank  
  148  21:37  SCV x6  
  139  21:49  Hellion x9  
  139  21:53  Liberator  
  139  21:54  Liberator  
  157  21:58  SCV x2  
  159  22:02  Hellion  
  161  22:10  Hellion  
  161  22:11  Liberator x2  
  161  22:15  Refinery  
  168  22:16  Refinery  
  168  22:18  Hellion x2, Refinery  
  168  22:19  Hellion x3  
  168  22:30  Siege Tank  
  168  22:36  Liberator x2  
  171  22:41  Thor  
  159  22:56  Liberator x2  
  164  23:12  SCV x2  
  166  23:15  Siege Tank x3  
  166  23:16  Hellion x6  
  193  23:25  Hellion  
  195  23:39  Liberator x2, Battlecruiser x2  
  130  24:03  Siege Tank x3  
  130  24:04  Hellion x5  
  126  24:12  Thor  
  123  24:22  Liberator x2  
  123  24:26  Liberator x2  
  123  24:34  Thor  
  123  24:35  Hellion x6, Thor  
  123  24:36  Hellion  
  149  24:39  Terran Vehicle And Ship Armor Level 2  
  161  24:49  SCV x3  
  161  24:50  SCV  
  165  24:55  Hellion  
  165  24:56  Hellion  
  169  25:05  Liberator x2  
  169  25:09  Liberator, Thor  
  175  25:16  Thor  
  175  25:17  Liberator  
  175  25:20  Missile Turret  
  175  25:45  Supply Depot  
  175  25:47  Liberator, Refinery  
  175  25:48  Liberator  
  175  25:52  Liberator  
  175  26:00  Liberator  
  172  26:17  Hellion x6  
  181  27:08  Liberator  
  181  27:09  Liberator x3  
  179  27:28  Siege Tank x2  
  188  28:07  Thor  
  188  28:08  Thor  
  188  28:10  Terran Vehicle And Ship Armor Level 3  
  188  28:11  Neosteel Frame  
  200  28:14  Infernal Pre-Igniter  
  200  28:15  Drilling Claws  
  200  28:18  Corvid Reactor  
  197  28:56  Liberator x3  
  197  29:20  Sensor Tower  
  197  29:26  Liberator  
  194  29:38  Liberator  
  182  30:11  Liberator x3  
  182  30:21  Liberator  
  188  30:42  Siege Tank x2  
  183  30:53  Liberator  
  183  30:54  Liberator x2  
  136  31:04  Liberator  
  137  31:31  Hellion x10  
  157  31:36  Liberator  
  157  31:37  Liberator x2  
  133  31:47  Liberator  
  133  31:52  Hellion, Thor  
  133  31:54  Hellion x5  
  157  32:00  Hellion  
  157  32:01  Hellion x2  
  163  32:14  Hellion  
  163  32:15  Hellion x4  
  170  32:17  Hellion  
  170  32:19  Liberator x3  
  170  32:22  Hellion  
  171  32:30  Liberator  
  171  32:35  Thor  
  177  32:39  Hellion  
  177  32:40  Hellion x6  
  189  32:50  Missile Turret  
  192  32:52  Missile Turret x2, Thor  
  185  33:02  Liberator x3  
  167  33:12  Liberator, Thor x2  
  131  33:13  Hellion x6  
  131  33:19  Hellion  
  148  33:28  SCV  
  148  33:34  Hellion x2  
  148  33:35  Thor  
  156  33:41  SCV  
  156  33:42  SCV x7  
  156  33:45  Liberator x3  
  164  33:51  Missile Turret  
  163  33:55  Liberator  
  163  33:56  Siege Tank x3  
  163  33:57  Hellion x6  
  163  34:01  Missile Turret  
  191  34:03  Missile Turret  
  191  34:06  Missile Turret  
  191  34:09  Missile Turret  
  191  34:18  Hellion  
  191  34:19  Hellion  
  191  34:20  Hellion x2  
  191  34:23  Missile Turret x2  
  191  34:24  Missile Turret  
  199  34:25  Missile Turret  
  199  34:27  Liberator  
  199  34:28  Liberator  
  197  34:32  Liberator  
  197  34:33  Starport  
  197  34:35  Starport  
  198  35:51  Liberator x2  
  196  36:02  Liberator x2  
  176  36:34  Liberator x2  
  146  36:44  Liberator  
  146  36:45  Liberator  
  135  36:47  SCV x3  
  147  37:17  Liberator x2  
  141  37:30  Starport Tech Lab x2  
  146  37:43  Liberator x2  
  143  37:44  Raven x2, SCV x8  
  143  37:52  Thor x4  
  152  37:59  Liberator  
  149  38:26  Widow Mine x2  
  151  38:27  Raven  
  155  38:34  Thor  
  155  38:40  Thor  
  161  38:45  Liberator  
  161  38:46  Liberator x4  
  152  39:03  Thor  
  152  39:04  Thor  
  176  39:16  Liberator  
  158  39:28  Liberator  
  146  39:31  Thor x2  
  146  39:32  Hellion x5  
  146  39:34  Liberator  
  146  39:35  Liberator  
  154  39:48  Liberator x2  
  146  40:04  Hellion x5  
  146  40:05  Hellion x2  
  166  40:16  Liberator x2  
  166  40:18  Liberator x2  
  164  40:23  Orbital Command  
  164  40:31  Liberator x2  
  164  40:34  Thor x2  
  168  40:58  Cyclone x3  
  168  40:59  Cyclone x3, Hellion, Liberator x2  
  168  41:00  Hellion  
  190  41:17  Hellion x2  
  200  41:31  Hellion  
  199  41:39  Refinery  
  188  42:25  Raven  
  188  42:26  Raven x3  
  184  43:07  Hellion x6  
  184  43:08  Raven x2  
  198  44:12  Liberator  
  198  45:12  Orbital Command  
  186  45:24  Liberator x6  
  139  45:44  Hellion x8  
  139  45:45  Hellion x2  
  156  45:56  SCV x2  
  149  45:58  SCV x3  
  152  46:05  Hellion  
  152  46:06  Hellion  
  152  46:07  SCV  
  152  46:08  SCV x2  
  152  46:10  SCV  
  160  46:18  Thor x3  
  160  46:20  Hellion x5  
  160  46:24  Raven  
  190  46:27  Hellion  
  175  46:35  Raven  
  175  46:36  Raven x2, Refinery  
  175  46:37  Refinery  
  181  46:43  Liberator  
  181  46:44  Liberator  
  179  47:03  Hellion x9  
  200  47:17  Liberator x2  
  200  47:27  Orbital Command  
  197  47:30  Liberator  
  197  47:31  Liberator  
  197  47:33  Thor  
  185  47:37  Hellion  
  185  47:38  Hellion x6  
  199  47:58  Sensor Tower  
  199  48:35  Recalibrated Explosives  
  199  48:47  Orbital Command  
  199  49:10  Orbital Command  
  199  49:13  Missile Turret  
  199  49:14  Missile Turret  
  196  49:18  Missile Turret  
  177  49:44  Raven  
  177  49:45  Raven x3  
  159  49:53  Thor x2  
  155  50:10  Thor x2  
  123  50:26  SCV x3  
  123  50:27  Raven, SCV x4  
  123  50:28  Raven x2  
  125  50:36  Thor x2  
  125  50:38  SCV  
  125  50:39  SCV x6  
  138  50:43  Missile Turret  
  138  50:50  SCV  
  138  50:51  SCV x4  
  138  50:52  Missile Turret, SCV x2  
  138  50:53  Thor  
  138  50:55  Missile Turret  
  151  50:57  Missile Turret  
  151  51:03  SCV x5  
  151  51:04  SCV x2  
  158  51:05  Missile Turret  
  158  51:07  Command Center  
  158  51:08  Raven  
  158  51:10  Raven  
  162  51:13  Missile Turret  
  162  51:15  SCV x4  
  162  51:17  Command Center  
  166  51:20  Missile Turret  
  166  51:23  Sensor Tower  
  166  51:24  Liberator x2  
  166  51:39  Raven x2  
  176  51:50  Raven  
  176  51:53  Raven  
  180  52:03  Missile Turret  
  180  52:05  Missile Turret x2  
  180  52:07  Missile Turret  
  173  52:15  Missile Turret  
  173  52:19  Liberator  
  167  52:34  Raven, Liberator  
  167  52:35  Raven x2  
  167  52:36  Raven  
  174  52:54  Orbital Command  
  174  52:59  Refinery  
  174  53:00  Liberator x2, Refinery  
  174  53:14  Missile Turret  
  174  53:15  Missile Turret  
  180  53:25  Raven x2  
  176  53:57  Liberator x2  
  176  54:00  Raven x2  
  180  54:18  Raven  
  182  54:24  Starport  
  182  54:25  Starport  
  182  54:26  Starport  
  180  54:46  Raven  
  180  54:47  Raven x2  
  186  55:01  Thor x2  
  186  55:06  Liberator x2  
  188  55:21  Liberator  
  188  55:23  Missile Turret  
  188  55:24  Missile Turret  
  188  55:25  Missile Turret  
  179  55:55  Missile Turret  
  177  56:01  Raven x3  
  177  56:03  Hellion x8  
  199  56:23  Starport Tech Lab x3  
  199  56:46  Raven x4  
  199  56:54  Missile Turret  
  199  56:55  Missile Turret  
  199  56:56  Missile Turret x2  
  192  57:16  Thor  
  190  57:25  Raven x3  
  186  58:05  Missile Turret  
  186  58:07  Missile Turret  
  186  58:10  Missile Turret  
  186  58:11  Missile Turret  
  181  59:04  Liberator x2  
  181  59:11  Raven x2  
  181  59:12  Raven  
  170  59:19  Raven x4  
  164  59:45  Liberator  
  152  59:54  Raven x3  
  141  60:02  Raven x3  
  141  60:05  Thor x2  
  162  60:11  Orbital Command  
  159  60:21  Missile Turret  
  159  60:22  Missile Turret  
  159  60:37  Raven x3  
  165  60:45  Raven x2  
  167  61:31  Raven x2  
  167  61:32  Raven  
  159  61:40  Raven x2  
  159  61:41  Raven  
  159  61:46  Liberator, Thor x2  
  159  61:47  Liberator  
  177  61:58  Raven  
  179  62:14  Raven x3  
  183  62:28  Raven  
  185  62:36  Raven  
  185  62:37  Raven  
  181  62:52  Raven  
  181  62:57  Raven  
  185  63:04  Raven x2  
  189  63:14  Raven  
  189  63:19  Raven  
  193  63:44  Raven x2  
  197  64:02  Raven  
  189  64:17  Raven  
  189  64:18  Raven  
  185  64:24  Raven x2  
  162  64:43  Raven  
  162  64:44  Raven  
  150  65:00  Raven x2  
  150  65:01  SCV  
  150  65:02  SCV x3  
  150  65:03  SCV x4  
  150  65:07  Raven x2  
  162  65:09  SCV  
  167  65:26  Raven  
  135  66:18  Raven x6  
  143  66:20  Hellion x8  
  159  66:25  Liberator  
  159  66:26  Liberator  
  159  66:30  Starport Tech Lab  
  151  66:59  Raven  
  151  67:00  Raven  
  151  67:01  Raven x5  
  165  67:08  Liberator  
  165  67:09  Liberator  
  165  67:26  Liberator  
  171  67:41  Raven  
  171  67:43  Raven  
  171  67:44  Raven x3  
  184  68:04  Raven  
  186  68:21  Liberator x2  
  186  68:24  Raven  
  186  68:26  Raven  
  180  69:25  Thor x3  
  196  70:05  Raven x2  
  198  70:26  Raven x2  
  192  71:00  Thor  
  193  71:14  Raven x2  
  193  71:15  Raven  
  199  71:52  Raven  
  173  72:51  Thor x3  
  179  73:10  Raven x5  
  176  73:34  Thor  
  158  73:53  Raven x5, Hellion x6  
  167  74:14  Hellion x4  
  167  74:16  Thor  
  180  74:37  SCV x5  
  180  74:38  SCV  
  186  74:49  Command Center  
  186  74:50  Hellion x4  
  186  74:51  Hellion x2  
  198  74:53  SCV x2  
  198  74:55  Factory  
  198  74:57  Factory  
  196  75:00  Hellion  
  188  75:16  SCV x2  
  188  75:20  Missile Turret  
  188  75:21  Missile Turret x2, SCV  
  190  75:22  SCV x2  
  190  75:23  Missile Turret, SCV  
  190  75:25  Missile Turret x2  
  190  75:26  SCV  
  190  75:28  SCV x2  
  197  75:34  SCV  
  198  75:36  Widow Mine  
  198  75:37  Factory  
  198  75:39  Factory  
  198  75:41  Factory  
  200  75:48  Sensor Tower  
  200  75:49  Refinery  
  200  75:54  Command Center  
  200  76:06  Refinery  
  198  76:52  Raven  
  198  76:53  Raven x2  
  182  77:36  Raven x2  
  170  77:58  Raven x3  
  164  78:00  Hellion x7  
  168  78:19  Raven  
  170  78:21  Hellion x3, Thor  
  172  78:52  Raven  
  172  78:53  Raven x3  
  172  78:54  Hellion x3  
  184  79:02  Raven  
  178  79:04  Thor  
  157  79:18  Liberator  
  157  79:19  Liberator  
  133  79:28  Liberator  
  133  79:35  Raven x2  
  140  79:52  SCV x6  
  134  79:58  Starport x2  
  134  80:01  Liberator x3, Starport  
  125  80:23  SCV x6  
  125  80:24  SCV x2  
  133  80:35  SCV  
  132  80:42  SCV x2  
  134  80:45  Factory Tech Lab x2  
  134  80:51  Armory  
  125  81:11  SCV x7  
  131  81:12  Orbital Command  
  130  81:23  SCV x2  
  132  81:30  Missile Turret  
  132  81:31  Missile Turret  
  132  81:32  Missile Turret  
  128  81:35  Missile Turret x2  
  128  81:36  Missile Turret  
  126  81:40  Thor  
  126  81:41  Thor  
  138  81:53  Starport Tech Lab, Starport Reactor  
  138  81:54  Starport Reactor  
  134  81:59  Raven x5  
  142  82:01  Factory  
  142  82:04  Hellion  
  142  82:05  Hellion x6  
  150  82:08  Factory  
  138  82:24  Hellion  
  138  82:25  Liberator x2  
  134  82:30  Liberator x4  
  134  82:41  Raven, SCV  
  134  82:42  Raven, SCV x6  
  151  82:46  Missile Turret, Raven  
  151  82:47  Missile Turret, Raven  
  151  82:48  Missile Turret, Siege Tank  
  151  82:49  Siege Tank x2  
  151  82:50  Hellion x6  
  188  82:54  SCV  
  185  83:07  Liberator x3  
  185  83:08  Liberator  
  185  83:09  Factory Reactor  
  185  83:11  Factory Tech Lab, Hellion  
  185  83:12  Liberator, Hellion x2  
  191  83:20  Refinery, Command Center  
  191  83:22  Refinery x2  
  195  83:29  Raven  
  196  83:39  Liberator x4  
  178  83:55  Factory Tech Lab, Liberator x2  
  152  84:07  Raven x4  
  154  84:17  Siege Tank  
  154  84:18  Siege Tank  
  154  84:20  SCV x7  
  154  84:23  Siege Tank, Liberator, Thor  
  154  84:24  Thor  
  182  84:25  Hellion x6  
  194  84:32  SCV x3  
  197  84:46  Hellion  
  193  85:07  Liberator x3  
  193  85:09  Command Center  
  193  85:10  Command Center  
  172  85:45  Refinery  
  172  85:51  Factory Tech Lab  
  172  85:55  Thor x3  
  172  85:56  Thor  
  195  86:07  Thor  
  182  86:32  SCV x7  
  189  86:37  Siege Tank  
  192  86:43  Thor  
  192  86:44  Hellion  
  200  86:49  SCV  
  194  87:06  SCV x2, Orbital Command  
  171  87:30  Thor x4  
  193  87:45  Raven x2  
  193  87:46  Raven  
  176  88:17  Thor x2  
  176  88:18  Hellion  
  176  88:19  Hellion x5  
  197  88:31  SCV  
  181  88:34  SCV  
  181  88:35  Refinery  
  181  88:41  Missile Turret  
  181  88:43  Missile Turret  
  181  88:47  Missile Turret x2  
  181  88:49  Liberator x8  
  166  89:08  Hellion x2  
  166  89:09  Hellion x6  
  200  89:17  Refinery  
  189  89:37  Missile Turret  
  189  89:39  Missile Turret  
  189  89:56  Raven x3  
  189  89:57  Raven  
  189  89:58  Hellion  
  199  90:06  SCV  
  200  90:16  Missile Turret, Orbital Command  
  200  90:17  Liberator x4  
  198  90:54  SCV x2  
  188  90:57  SCV x3  
  188  91:00  SCV x3  
  192  91:06  SCV  
  159  91:14  Raven x2  
  159  91:15  Raven  
  157  91:30  SCV x2  
  157  91:31  Thor x3  
  157  91:32  Hellion x5  
  180  91:33  Hellion x4  
  172  91:40  SCV  
  172  91:41  SCV x2  
  172  91:45  SCV  
  172  91:46  SCV  
  169  91:47  SCV x3  
  169  91:52  SCV  
  169  91:53  SCV  
  169  91:54  Hellion x3, SCV  
  175  91:57  SCV  
  175  91:58  SCV  
  175  91:59  SCV  
  178  92:06  Missile Turret  
  178  92:12  Thor  
  184  92:21  Missile Turret x3  
  178  92:33  Hellion  
  178  92:34  Hellion x10  
  200  92:39  Missile Turret  
  196  93:03  Siege Tank x2  
  200  93:06  Command Center  
  176  93:30  Missile Turret x2  
  176  93:31  Missile Turret  
  176  93:33  Raven, Banshee  
  180  93:54  Raven x3  
  170  93:55  Hellion  
  170  93:56  Hellion x4  
  150  94:13  Hellion  
  150  94:14  Hellion x5  
  150  94:16  Raven x2  
  168  94:17  Hellion  
  168  94:21  Liberator x4  
  166  94:36  Raven  
  166  94:37  Raven x2  
  175  94:42  Liberator  
  184  94:59  Raven  
  189  95:03  SCV x3  
  189  95:04  SCV  
  189  95:05  SCV x2  
  195  95:19  SCV x5  
  200  95:24  Sensor Tower  
  200  95:33  Missile Turret  
  200  95:34  Missile Turret x2  
  804  95:35  Liberator x3  
  200  95:36  Liberator x5  
  166  95:54  Liberator  
  190  96:18  Liberator x3  
  199  96:51  Factory Tech Lab  
  199  97:19  Starport Reactor  
  199  97:21  Missile Turret  
  199  97:22  Missile Turret  
  199  97:24  Missile Turret x2  
  199  97:25  Missile Turret  
  199  97:41  Liberator x3  
  187  98:15  Liberator  
  165  98:42  Orbital Command  
  165  98:45  SCV x6  
  162  98:57  SCV x2  
  162  99:02  SCV x4  
  165  99:16  Command Center  
  143  99:24  Missile Turret x2  
  143  99:25  Missile Turret x2  
  143  99:27  Refinery x2  
  143  99:32  Missile Turret  
  143  99:33  Missile Turret  
  143  99:34  Missile Turret  
  131  99:39  Raven x2  
  131  99:45  Thor x4  
  141  99:49  Missile Turret  
  141  99:52  Missile Turret  
  159  99:53  SCV x5  
  164  100:01  Missile Turret  
  164  100:02  Missile Turret  
  164  100:12  Missile Turret  
  164  100:15  Missile Turret  
  164  100:29  Raven x2, Command Center  
  164  100:33  Liberator x2  
  164  100:34  Raven x2, Liberator  
  164  100:35  Liberator  
  172  100:36  Thor x3  
  197  101:12  SCV x2  
  197  101:13  SCV  
  191  102:05  Raven x4  
  181  102:25  Liberator  
  181  102:26  Liberator  
  175  102:31  Liberator  
  175  102:32  Liberator x3  
  175  102:33  Liberator x2  
  175  102:34  Raven  
  183  102:47  Raven  
  177  102:59  Factory  
  173  103:12  Thor x2  
  170  103:14  Orbital Command  
  170  103:17  Supply Depot x2  
  152  104:05  Raven x5  
  152  104:09  Supply Depot  
  162  104:10  Supply Depot  
  162  104:13  Thor  
  162  104:16  Supply Depot  
  162  104:41  Liberator  
  162  104:42  Liberator x5  
  150  104:47  Raven  
  146  104:55  Raven  
  146  104:56  Raven  
  146  104:57  Raven x2  
  169  105:21  Liberator  
  166  105:30  Raven  
  168  105:41  Liberator, Orbital Command  
  165  105:54  Thor x3  
  165  105:55  Thor  
  165  105:57  Hellion x4  
  190  106:18  Hellion x4  
  192  106:37  Thor  
  192  106:38  Hellion  
  192  106:39  Thor  
  180  106:40  Thor  
  180  106:41  Hellion x4  
  189  106:53  SCV  
  190  106:59  Hellion  
  186  107:02  Hellion x2  
  179  107:20  Liberator x4, Thor x2  
  153  107:39  Hellion  
  153  107:40  Liberator, Hellion x5  
  177  107:53  Liberator  
  177  107:54  Liberator  
  178  108:01  Hellion x6  
  178  108:03  Hellion x2  
  194  108:06  Liberator  
  160  108:22  Hellion x4  
  160  108:23  Hellion x2  
  160  108:25  Hellion x2  
  173  108:32  Liberator  
  137  108:44  Hellion x6  
  137  108:46  Hellion, Thor  
  160  108:56  Liberator  
  160  109:05  Hellion x6  
  165  109:11  Thor  
  156  109:26  Hellion  
  156  109:27  Hellion x3  
  156  109:34  Hellion x2  
  150  109:48  Hellion x4  
  150  109:50  Liberator x3  
  154  109:55  Hellion  
  154  109:56  Hellion x2  
  158  110:01  Liberator  
  153  110:09  Hellion x4  
  153  110:16  Siege Tank  
  153  110:17  Siege Tank, Hellion  
  121  110:30  Hellion  
  121  110:31  Hellion x3  
  123  110:36  Liberator  
  123  110:38  Hellion  
  125  110:48  Hellion  
  125  110:49  Hellion  
  129  110:52  Hellion x3  
  129  110:55  SCV  
  129  110:56  SCV x6  
  145  110:59  Siege Tank  
  148  111:05  Command Center  
  148  111:07  SCV  
  148  111:08  SCV  
  148  111:09  Siege Tank  
  148  111:10  Refinery  
  147  111:12  Refinery  
  147  111:13  Liberator  
  147  111:16  Cyclone x4  
  147  111:18  Hellion  
  161  111:24  Liberator  
  161  111:32  Hellion  
  160  111:39  Hellion  
  162  111:42  Hellion  
  159  111:48  Hellion x3  
  159  111:52  Liberator x2  
  163  112:06  Liberator x2  
  148  112:10  Hellion x4  
  148  112:11  Hellion  
  161  112:19  Liberator x2  
  134  112:30  Liberator  
  126  112:37  Hellion  
  126  112:38  Hellion x5  
  123  112:49  Liberator x2  
  121  112:59  Hellion x4  
  122  113:07  Hellion x2  
  129  113:17  Liberator  
  129  113:18  Liberator  
  129  113:19  SCV  
  133  113:20  Hellion x4, SCV x4  
  142  113:29  Hellion  
  142  113:31  SCV  
  142  113:33  Command Center  
  128  113:34  Command Center  
  128  113:36  Hellion  
  129  113:41  Hellion  
  129  113:45  Hellion  
  129  113:46  Hellion x2  
  136  113:50  Hellion  
  138  113:57  Hellion  
  140  114:03  Hellion  
  140  114:05  Liberator  
  140  114:07  Hellion x2  
  146  114:12  Liberator x2  
  129  114:20  Hellion  
  129  114:23  Hellion x2  
  98  114:30  Hellion x2  
  98  114:31  Hellion  
  97  114:41  Hellion  
  97  114:45  Hellion x2  
  87  114:52  Hellion x3  
  73  114:56  Orbital Command  
  73  114:57  Orbital Command  
  73  114:58  Refinery  
  71  115:00  Refinery  
  71  115:01  SCV x3  
  71  115:03  Hellion  
  71  115:06  Hellion x2  
  81  115:13  Refinery x2, Hellion x3, SCV x3  
  79  115:24  Hellion  
  79  115:25  SCV x3  
  78  115:32  Liberator  
  78  115:33  Liberator x3  
  73  115:37  SCV  
  64  115:48  Hellion x2  
  64  115:49  Hellion x4  
  83  115:58  SCV  
  83  115:59  SCV x4  
  88  116:10  Hellion x5, SCV  
  99  116:32  SCV x2  
  99  116:50  Supply Depot x2  
  99  116:51  Supply Depot x2  
  99  117:05  Liberator  
  99  117:12  Cyclone x3, Hellion, SCV x4  
  99  117:13  Cyclone, Hellion  
  126  117:20  Supply Depot  
  126  117:21  Supply Depot  
  126  117:22  Supply Depot  
  126  117:24  SCV x4  
  126  117:26  Liberator  
  124  117:33  Hellion  
  124  117:36  SCV x3  
  132  117:45  Hellion x4  
  132  117:47  Liberator  
  132  117:48  SCV x2  
  142  117:55  Hellion  
  135  118:06  Hellion  
  135  118:09  Hellion, Liberator  
  135  118:10  Hellion x2  
  143  118:16  Hellion  
  148  118:28  Hellion  
  148  118:30  Liberator  
  148  118:31  Hellion x3  
  156  118:44  Hellion  
  158  118:49  Hellion  
  158  118:52  Hellion x2, Liberator  
  158  118:55  Hellion  
  148  119:05  Hellion  
  153  119:11  Hellion  
  153  119:13  Hellion, Liberator  
  153  119:14  Hellion  
  153  119:16  Hellion  
  135  119:26  Hellion  
  138  119:32  Hellion  
  138  119:35  Hellion x2, Liberator  
  138  119:38  Hellion  
  130  119:45  Starport x2  
  130  119:48  Hellion  
  135  119:56  Liberator  
  114  120:17  Liberator  
  104  120:23  Hellion  
  104  120:24  Hellion x3  
  113  120:39  Liberator, Hellion  
  103  120:45  Hellion  
  108  121:00  Liberator  
  108  121:03  Hellion  
  108  121:04  Hellion x3  
  116  121:09  Starport Reactor x2  
  115  121:21  Liberator  
  115  121:23  Hellion  
  115  121:25  Hellion  
  117  121:32  Hellion x3  
  101  121:43  Liberator  
  101  121:44  Hellion  
  101  121:46  Hellion  
  94  121:54  Hellion x3  
  70  122:06  Hellion  
  70  122:07  Hellion  
  59  122:18  Hellion  
  59  122:19  Hellion x2  
  65  122:23  Orbital Command  
  65  122:27  Hellion  
  65  122:29  Hellion  
  69  122:31  SCV  
  70  122:37  Liberator x2  
  70  122:40  Hellion x3  
  70  122:44  SCV  
  71  122:49  Hellion  
  71  122:50  Hellion  
  71  122:56  SCV  
  78  122:59  Supply Depot  
  78  123:01  Hellion x3  
  84  123:08  SCV  
  85  123:20  Liberator x2, SCV  
  85  123:21  Hellion x2  
  85  123:22  Hellion  
  85  123:23  Hellion x2  
  78  123:28  SCV  
  78  123:32  SCV  
  80  123:40  SCV  
  87  123:43  Hellion x2  
  87  123:44  Hellion, SCV  
  87  123:46  Hellion  
  87  123:47  Hellion  
  90  123:52  SCV  
  71  123:56  SCV  
  72  124:04  Hellion x2, SCV  
  72  124:05  Hellion  
  72  124:07  Starport  
  72  124:08  Hellion  
  72  124:09  Hellion  
  73  124:10  Starport  
  73  124:12  SCV  
  73  124:16  SCV  
  61  124:24  SCV  
  61  124:25  Hellion x2  
  61  124:27  Hellion  
  61  124:28  SCV  
  61  124:29  Hellion  
  61  124:30  Hellion  
  59  124:36  SCV  
  32  124:40  SCV  
  25  124:47  Hellion x2  
  25  124:50  Hellion  
  25  124:52  Hellion, SCV  
  18  125:05  SCV  
  15  125:12  Hellion  
Show
View Real Time Build Order
Export as new Build Order

picur Terran 

Build Orders: Liberator Opening 

Get SALT Encoding   

  12  0:01  SCV  
  13  0:13  SCV  
  14  0:20  Supply Depot  
  14  0:28  Refinery, SCV  
  15  0:45  Barracks  
  15  0:50  SCV  
  16  1:02  SCV  
  17  1:04  Refinery  
  17  1:14  SCV  
  18  1:32  Factory  
  18  1:38  Orbital Command  
  18  1:40  Supply Depot  
  18  1:44  Reaper  
  19  2:12  SCV  
  20  2:22  Hellion, Reaper  
  22  2:30  SCV  
  22  2:33  Starport  
  23  2:42  SCV  
  23  2:43  Hellion  
  26  2:51  Supply Depot  
  26  2:54  Reaper  
  26  2:55  Liberator, SCV  
  28  3:06  Hellion  
  28  3:08  SCV  
  34  3:23  Supply Depot  
  34  3:29  Hellion, Reaper  
  37  3:42  SCV  
  38  3:51  Command Center  
  38  3:56  Engineering Bay  
  38  4:02  Hellion  
  40  4:20  Reaper  
  40  4:32  Factory Tech Lab  
  38  4:56  Missile Turret  
  38  4:58  Missile Turret  
  35  5:12  SCV  
  25  5:45  Widow Mine  
  25  6:15  Widow Mine  
  27  6:24  SCV  
  27  6:25  SCV  
  25  7:04  Liberator  
  25  7:06  SCV x2  
  27  7:18  SCV  
  30  7:49  Widow Mine  
  26  8:02  Liberator  
  21  8:18  SCV x2  
  24  8:33  SCV x2  
  26  8:52  SCV, Orbital Command  
  27  9:04  SCV  
  28  9:17  SCV  
  29  9:20  Refinery  
  29  9:26  SCV  
  29  9:29  SCV  
  31  9:34  Siege Tank  
  34  9:39  SCV  
  34  9:41  SCV  
  34  9:43  Liberator, Barracks Tech Lab  
  36  9:47  Ghost Academy  
  36  9:49  Refinery  
  36  9:51  SCV  
  37  9:53  SCV  
  38  10:03  SCV  
  38  10:05  SCV  
  43  10:09  Missile Turret  
  43  10:12  Missile Turret x2  
  43  10:15  Missile Turret, SCV  
  43  10:18  SCV  
  45  10:32  Siege Tank  
  45  10:34  SCV x2  
  50  10:46  SCV  
  50  10:48  Ghost  
  53  10:51  SCV  
  53  10:55  Supply Depot  
  54  11:01  Supply Depot  
  54  11:03  Nuke  
  54  11:09  Starport Tech Lab  
  54  11:15  Fusion Core  
  54  11:16  SCV x2  
  56  11:22  Ghost  
  58  11:32  SCV x2  
  60  11:42  Recalibrated Explosives  
  60  11:46  Personal Cloaking  
  60  11:48  SCV x2  
  62  12:02  Siege Tank  
  66  12:08  SCV x2  
  67  12:20  SCV x2  
  69  12:33  Supply Depot x2  
  69  12:34  Supply Depot  
  69  12:36  Factory  
  69  12:50  Command Center  
  69  12:53  Supply Depot, SCV  
  69  12:54  Ghost, SCV  
  69  12:56  Missile Turret, Supply Depot  
  69  12:57  Liberator  
  69  12:58  Missile Turret  
  73  13:12  Advanced Ballistics  
  73  13:18  Missile Turret  
  73  13:19  Factory Tech Lab  
  76  13:23  Starport  
  76  13:39  SCV x2  
  76  13:41  Siege Tank  
  81  13:42  Siege Tank  
  84  13:48  Ghost, Armory  
  84  13:51  SCV x2  
  88  14:12  SCV x2  
  88  14:14  Starport Reactor  
  88  14:28  Raven  
  90  14:35  SCV x2  
  92  14:40  Terran Vehicle Weapons Level 1  
  92  14:41  Armory  
  92  14:43  Orbital Command  
  92  14:55  Nuke  
  92  14:58  SCV x2  
  94  15:01  Thor  
  94  15:04  Liberator x2  
  100  15:19  Orbital Command  
  106  15:44  Thor  
  112  16:08  Refinery  
  112  16:12  Battlecruiser  
  118  16:19  SCV x2  
  118  16:20  SCV  
  119  16:32  Terran Vehicle And Ship Armor Level 1  
  119  16:34  Terran Vehicle Weapons Level 2  
  119  16:36  SCV x3  
  122  16:48  SCV  
  123  17:15  Supply Depot  
  123  17:17  Supply Depot  
  123  17:18  Supply Depot  
  123  17:19  Supply Depot  
  123  17:20  Supply Depot, Liberator x2  
  123  17:30  Weapon Refit  
  123  17:39  Thor x2  
  139  17:44  SCV x3  
  142  17:55  Liberator  
  138  18:34  Siege Tank x2  
  138  18:37  SCV x3  
  138  18:39  Liberator x3  
  151  19:06  Siege Tank x2  
  157  19:25  Liberator  
  157  19:26  Liberator  
  163  19:47  SCV x2  
  165  20:02  Liberator  
  165  20:12  Terran Vehicle Weapons Level 3  
  165  20:15  Terran Vehicle And Ship Armor Level 2  
  165  20:18  SCV  
  163  20:26  Thor  
  148  20:40  SCV x2  
  149  20:51  SCV  
  149  20:52  SCV  
  151  21:06  SCV x3  
  154  21:14  Siege Tank x2  
  161  21:18  SCV x3  
  161  21:21  Missile Turret x2  
  161  21:25  Missile Turret  
  163  21:27  Missile Turret  
  163  22:01  Liberator x2  
  163  22:02  Liberator  
  163  22:17  Siege Tank x2  
  160  22:39  Factory  
  159  22:49  Thor  
  165  22:58  Nuke, Supply Depot x2  
  165  22:59  Supply Depot  
  165  23:00  Supply Depot  
  165  23:01  Supply Depot  
  165  23:02  Liberator  
  165  23:03  Liberator  
  165  23:10  Command Center  
  165  23:19  Raven, SCV x3  
  173  23:21  Thor  
  166  23:45  Liberator x3  
  127  24:16  SCV  
  127  24:17  SCV x2  
  123  24:25  Thor  
  123  24:26  Thor  
  123  24:27  Factory Tech Lab  
  123  24:29  SCV x3  
  137  24:34  Liberator  
  137  24:35  Liberator  
  137  24:41  SCV x3  
  140  24:50  Thor  
  140  24:51  Battlecruiser  
  158  24:53  SCV  
  159  25:12  Starport  
  159  25:22  Liberator x2  
  148  25:43  Orbital Command  
  142  26:14  Battlecruiser  
  146  26:49  Liberator  
  146  26:50  Liberator  
  146  27:00  Liberator  
  116  27:08  Thor x2  
  112  27:25  SCV x4  
  116  27:37  SCV x4  
  117  28:02  Liberator x2  
  117  28:03  Liberator  
  116  28:06  SCV x2  
  116  28:07  SCV x2  
  120  28:17  Thor x3  
  120  28:18  SCV  
  128  29:06  Liberator  
  128  29:07  Liberator x2  
  136  29:40  Starport Reactor  
  136  29:43  Thor x2  
  136  29:44  Thor  
  145  30:11  Terran Ship Weapons Level 1  
  145  30:12  Terran Vehicle And Ship Armor Level 3  
  145  30:25  SCV x3  
  145  30:26  SCV  
  149  30:30  Liberator x3  
  149  30:37  SCV x3  
  149  30:38  SCV  
  153  30:46  Liberator x2  
  168  31:26  SCV x4  
  168  31:40  Liberator x3  
  168  31:41  Liberator  
  161  32:16  Orbital Command  
  155  33:22  SCV  
  155  33:23  SCV x3  
  159  33:33  Liberator x3  
  159  33:34  Liberator x2  
  152  33:35  SCV x2  
  151  33:44  SCV  
  151  33:47  SCV x2  
  167  34:05  Thor x2  
  177  34:28  Thor  
  183  34:59  Thor x2  
  187  35:41  Terran Ship Weapons Level 2  
  159  36:14  Liberator  
  159  36:15  Liberator  
  140  36:30  Thor x3  
  164  36:37  Orbital Command  
  164  37:01  SCV x3  
  167  37:13  SCV x3  
  167  37:22  Liberator  
  167  37:23  Liberator x4  
  167  37:25  SCV x3  
  151  37:37  SCV x3  
  165  37:49  SCV x3  
  159  37:59  Thor  
  159  38:00  Hellbat  
  321  38:05  Liberator  
  165  38:47  Thor x2  
  163  39:14  Liberator x3  
  64  40:00  SCV x3  
  64  40:02  Thor  
  64  40:03  Thor  
  72  40:12  SCV x2  
  67  40:24  SCV  
  67  40:25  SCV  
  67  40:36  SCV  
  67  40:37  SCV  
  67  40:48  SCV  
  67  40:49  SCV  
Show
View Real Time Build Order
Export as new Build Order

Jumpman Protoss 

Build Orders: Double Forge, Zealot Archon 

Get SALT Encoding   

  12  0:02  Probe (Chrono Boost)  
  13  0:13  Probe (Chrono Boost)  
  14  0:20  Pylon  
  14  0:23  Probe (Chrono Boost)  
  15  0:39  Forge  
  15  0:44  Probe (Chrono Boost)  
  16  0:58  Gateway  
  16  1:02  Probe (Chrono Boost)  
  17  1:08  Assimilator  
  17  1:13  Probe (Chrono Boost)  
  17  1:15  Photon Cannon  
  18  1:23  Probe (Chrono Boost)  
  19  1:34  Photon Cannon  
  19  1:35  Probe (Chrono Boost)  
  20  1:48  Cybernetics Core  
  20  1:51  Pylon  
  20  1:56  Probe (Chrono Boost)  
  20  1:58  Assimilator  
  21  2:08  Pylon  
  21  2:14  Probe (Chrono Boost)  
  22  2:30  Twilight Council  
  22  2:32  Photon Cannon  
  22  2:33  Probe (Chrono Boost)  
  23  3:07  Pylon  
  23  3:11  Nexus  
  23  3:13  Pylon  
  23  3:18  Warp Gate  
  23  3:20  Probe (Chrono Boost)  
  24  3:39  Probe (Chrono Boost)  
  25  3:43  Templar Archives  
  25  3:50  Probe (Chrono Boost)  
  26  4:00  Probe (Chrono Boost)  
  27  4:11  Probe (Chrono Boost)  
  27  4:15  Photon Cannon  
  28  4:24  Pylon  
  28  4:26  Probe x2 (Chrono Boost)  
  30  4:32  Forge  
  30  4:34  Forge  
  30  4:37  Protoss Ground Weapons Level 1  
  30  4:39  High Templar  
  30  4:43  Probe x2 (Chrono Boost)  
  30  4:45  Assimilator  
  34  4:47  Assimilator  
  34  4:57  Probe (Chrono Boost)  
  34  4:58  Probe (Chrono Boost)  
  36  5:07  Protoss Shields Level 1  
  36  5:15  Probe (Chrono Boost)  
  36  5:16  Probe (Chrono Boost)  
  38  5:26  Probe x2 (Chrono Boost)  
  40  5:29  Gateway  
  40  5:30  Gateway  
  40  5:32  Pylon, High Templar  
  42  5:36  Probe (Chrono Boost)  
  42  5:37  Probe (Chrono Boost)  
  42  5:38  Archon  
  44  5:44  Protoss Ground Armor Level 1  
  44  5:47  Probe x2 (Chrono Boost)  
  46  5:57  Probe (Chrono Boost)  
  46  5:58  Probe (Chrono Boost)  
  48  6:08  Gateway, Probe (Chrono Boost)  
  48  6:09  Probe (Chrono Boost)  
  50  6:11  Robotics Facility, High Templar  
  53  6:18  Probe (Chrono Boost)  
  53  6:19  Probe (Chrono Boost)  
  54  6:28  High Templar  
  54  6:31  Protoss Ground Weapons Level 2  
  56  6:33  Archon  
  56  6:34  Probe (Chrono Boost)  
  56  6:35  Probe (Chrono Boost)  
  58  6:45  Probe x2 (Chrono Boost)  
  60  6:49  Pylon  
  60  6:51  Pylon  
  60  6:56  Probe x2 (Chrono Boost)  
  60  7:00  Photon Cannon  
  62  7:04  High Templar  
  62  7:05  High Templar  
  62  7:06  Probe x2 (Chrono Boost)  
  68  7:10  Archon  
  68  7:17  Probe (Chrono Boost)  
  69  7:24  Nexus  
  69  7:27  Pylon  
  69  7:31  Pylon  
  69  7:34  Pylon  
  69  7:35  High Templar x2  
  69  7:36  Pylon  
  73  7:39  Archon  
  73  7:42  Protoss Shields Level 2  
  73  7:52  Probe (Chrono Boost)  
  73  7:53  Probe (Chrono Boost)  
  75  8:11  Protoss Ground Armor Level 2  
  75  8:12  Photon Cannon  
  75  8:14  Photon Cannon  
  75  8:16  Photon Cannon  
  75  8:19  Photon Cannon  
  75  8:20  Photon Cannon  
  75  8:23  Photon Cannon  
  75  8:24  Gateway  
  75  8:27  Gateway  
  75  8:29  Assimilator  
  75  8:33  Photon Cannon  
  75  8:36  Photon Cannon  
  75  8:38  Photon Cannon  
  75  8:40  Protoss Ground Weapons Level 3  
  75  8:44  Pylon  
  75  8:49  Photon Cannon  
  77  8:56  Probe x2 (Chrono Boost)  
  77  8:57  High Templar x2  
  81  9:11  Robotics Bay  
  81  9:19  Archon  
  81  9:29  Probe x3 (Chrono Boost)  
  84  9:40  High Templar x2  
  84  9:41  Probe (Chrono Boost)  
  84  9:43  Nexus  
  84  9:44  Pylon, Archon  
  88  9:46  Pylon  
  88  9:49  Pylon  
  87  9:52  Pylon  
  87  10:00  Disruptor  
  90  10:20  High Templar x3  
  96  10:21  Photon Cannon  
  96  10:22  Photon Cannon  
  96  10:24  Archon  
  96  10:25  Photon Cannon  
  96  10:26  Photon Cannon  
  96  10:28  Photon Cannon  
  96  10:40  Disruptor, Photon Cannon  
  96  10:42  Photon Cannon  
  99  11:01  High Templar x2  
  103  11:07  Assimilator  
  103  11:10  Archon  
  103  11:12  High Templar  
  103  11:15  Probe x2 (Chrono Boost)  
  103  11:16  Probe (Chrono Boost), Protoss Shields Level 3  
  108  11:19  Photon Cannon  
  108  11:20  Photon Cannon  
  108  11:22  Photon Cannon  
  108  11:23  Photon Cannon  
  109  11:27  Protoss Ground Armor Level 3, Photon Cannon, Probe (Chrono Boost)  
  109  11:29  Photon Cannon  
  109  12:06  Pylon  
  109  12:09  Pylon, High Templar x2  
  109  12:12  Pylon  
  109  12:15  Archon  
  113  12:16  Photon Cannon  
  113  12:31  Archon  
  113  12:35  Photon Cannon  
  113  12:36  Photon Cannon  
  113  12:37  Photon Cannon  
  113  12:41  Pylon  
  113  12:43  Photon Cannon  
  113  12:45  Photon Cannon  
  113  12:50  High Templar x4  
  117  12:55  Photon Cannon  
  117  12:56  Archon x2  
  117  12:57  Photon Cannon  
  117  13:06  Photon Cannon  
  117  13:14  Extended Thermal Lance  
  117  13:25  Colossus  
  123  13:38  Nexus  
  123  13:42  Assimilator  
  123  13:44  Assimilator  
  123  13:46  High Templar x3  
  123  13:48  Pylon  
  129  13:50  Pylon  
  129  13:55  Pylon  
  122  14:08  Psionic Storm  
  122  14:14  Photon Cannon  
  122  14:16  Photon Cannon  
  122  14:19  Photon Cannon  
  122  14:22  Photon Cannon  
  122  14:23  Colossus  
  122  14:25  Photon Cannon  
  122  14:26  Photon Cannon  
  122  14:28  Photon Cannon  
  122  14:30  Photon Cannon  
  128  14:35  Nexus  
  128  14:39  Assimilator  
  128  14:43  High Templar x3  
  128  14:44  Assimilator  
  134  14:47  Pylon  
  134  14:50  Pylon  
  134  14:52  Pylon  
  134  14:57  Pylon  
  134  15:11  Photon Cannon  
  134  15:12  Photon Cannon  
  134  15:14  Photon Cannon  
  134  15:16  Photon Cannon  
  134  15:17  Photon Cannon  
  134  15:22  Photon Cannon x2  
  134  15:24  Photon Cannon  
  134  15:28  Photon Cannon  
  134  15:32  Photon Cannon  
  134  15:33  Photon Cannon  
  134  15:35  Pylon  
  134  15:39  Pylon  
  134  15:43  Disruptor, Pylon  
  137  16:00  High Templar x3  
  137  16:01  High Templar x2  
  139  17:00  Colossus  
  139  17:03  High Templar x4  
  139  17:04  High Templar  
  97  17:39  High Templar x5  
  103  17:46  Colossus  
  103  17:49  Gateway  
  103  17:53  Gateway  
  103  17:54  Gateway  
  103  17:55  Gateway  
  109  18:00  Gateway  
  109  18:02  Gateway  
  109  18:04  Gateway  
  109  18:05  Gateway  
  109  18:09  Gateway  
  109  18:11  Gateway  
  109  18:12  High Templar x4  
  113  18:13  High Templar  
  113  18:17  Archon x2  
  119  18:44  Gateway  
  119  18:47  Gateway  
  119  18:50  Gateway, High Templar x5  
  119  18:52  Gateway  
  119  18:54  Gateway  
  103  19:13  Archon x5  
  103  19:14  Colossus  
  103  19:16  High Templar x3  
  115  19:28  Archon x2  
  115  19:30  High Templar x3  
  115  19:31  High Templar x2  
  125  19:39  Gateway  
  125  19:43  Gateway  
  125  19:47  Gateway  
  125  19:48  Gateway  
  125  19:51  High Templar x5  
  135  19:57  Archon x5  
  135  20:00  High Templar x5  
  145  20:08  Archon x2  
  145  20:16  High Templar  
  145  20:17  High Templar x4  
  155  20:32  Pylon  
  155  20:50  High Templar x7  
  169  21:02  Archon x3  
  169  21:04  High Templar x3  
  169  21:10  Archon  
  126  21:34  Archon  
  84  21:41  High Templar x6  
  84  21:46  Archon  
  96  21:53  Photon Cannon  
  96  21:54  Photon Cannon  
  96  21:55  Photon Cannon  
  96  21:57  Photon Cannon  
  96  21:59  Pylon  
  96  22:02  Probe (Chrono Boost)  
  96  22:03  Probe x2 (Chrono Boost)  
  98  22:10  Archon  
  98  22:11  Archon  
  98  22:15  Probe x2 (Chrono Boost)  
  100  22:16  High Templar x3  
  100  22:17  High Templar x4  
  104  22:23  Archon x3  
  104  23:08  High Templar x7  
  106  23:17  Archon x3  
  90  23:31  Probe (Chrono Boost)  
  90  23:32  Probe x2 (Chrono Boost)  
  93  23:34  Warp Prism  
  95  23:41  Probe (Chrono Boost)  
  95  23:44  Probe x3 (Chrono Boost)  
  99  23:52  Probe (Chrono Boost)  
  99  23:54  Probe (Chrono Boost)  
  103  23:56  Probe x2 (Chrono Boost)  
  103  24:02  Probe (Chrono Boost)  
  104  24:05  Warp Prism, Probe (Chrono Boost)  
  104  24:08  Robotics Facility, Probe x2 (Chrono Boost)  
  107  24:11  High Templar x7  
  107  24:12  High Templar  
  107  24:13  Probe (Chrono Boost)  
  107  24:15  Probe (Chrono Boost)  
  123  24:20  Probe x2 (Chrono Boost)  
  123  24:23  Probe (Chrono Boost), Archon x3  
  88  24:26  Probe (Chrono Boost)  
  88  24:27  High Templar x2  
  90  24:32  Probe (Chrono Boost), Archon  
  90  24:33  Probe (Chrono Boost)  
  90  24:34  Probe (Chrono Boost)  
  90  24:36  Warp Prism  
  83  24:53  High Templar x4  
  83  24:57  Archon  
  83  24:58  Archon  
  91  25:10  Photon Cannon  
  91  25:12  Photon Cannon  
  91  25:13  Photon Cannon  
  93  25:15  Photon Cannon  
  93  25:16  Photon Cannon  
  93  25:18  Photon Cannon  
  93  25:19  Photon Cannon  
  93  25:21  High Templar x3  
  93  25:22  High Templar  
  93  25:24  Photon Cannon  
  85  25:48  Dark Shrine  
  77  26:25  Archon  
  63  26:34  Forge  
  58  26:50  Templar Archives  
  57  26:59  Dark Templar  
  57  27:00  Dark Templar x7  
  57  27:01  Dark Templar x4  
  79  27:04  Dark Templar  
  83  27:12  Archon x4  
  83  27:13  Archon x2  
  83  27:19  Dark Templar x2  
  85  27:32  Archon  
  42  28:07  Dark Templar x5  
  48  28:22  Archon  
  48  28:23  Archon x2  
  48  28:36  High Templar x3  
  42  29:20  High Templar x2  
  42  29:21  High Templar x2  
  50  29:52  High Templar x2  
  51  30:32  Cybernetics Core  
  51  30:34  Probe (Chrono Boost)  
  52  30:37  Pylon  
  52  30:38  Pylon, Probe (Chrono Boost)  
  52  30:40  Probe (Chrono Boost)  
  54  30:45  Probe (Chrono Boost)  
  54  30:48  Probe (Chrono Boost)  
  56  30:51  Probe (Chrono Boost)  
  56  30:55  Probe (Chrono Boost)  
  58  30:59  Dark Templar x6  
  58  31:00  Dark Templar x2  
  74  31:04  Archon  
  74  31:05  Archon x3  
  74  31:06  Probe (Chrono Boost)  
  75  31:15  Dark Templar x2  
  79  31:51  Archon  
  79  31:56  Dark Templar x4  
  87  32:11  Archon  
  87  32:12  Archon  
  83  32:19  Robotics Facility  
  83  32:25  Pylon  
  83  32:32  Robotics Facility  
  83  32:35  Robotics Facility  
  83  32:48  Robotics Facility  
  83  32:50  Robotics Facility  
  83  32:53  Dark Templar x3  
  89  33:05  Dark Templar  
  91  33:08  Archon  
  91  33:09  Archon  
  91  33:28  Dark Templar x3  
  97  33:35  Archon  
  97  33:36  Dark Templar  
  99  33:45  Archon  
  71  34:06  Dark Templar x3  
  49  34:11  Archon  
  43  34:31  High Templar x2  
  37  34:39  Warp Prism x2  
  37  34:45  High Templar  
  42  35:01  Probe (Chrono Boost)  
  43  35:07  High Templar  
  43  35:11  Probe (Chrono Boost)  
  46  35:14  Warp Prism x2  
  46  35:16  Warp Prism x2  
  54  35:22  Probe (Chrono Boost)  
  54  35:25  Archon  
  54  35:27  High Templar x2  
  59  35:32  Probe (Chrono Boost)  
  60  35:43  Probe (Chrono Boost), Archon  
  60  35:44  Nexus, High Templar  
  60  35:47  Pylon  
  60  35:48  Pylon  
  63  35:50  Warp Prism x2  
  63  35:52  Warp Prism x2  
  71  36:14  High Templar x3  
  77  36:19  Archon  
  77  36:26  Warp Prism  
  77  36:28  Warp Prism x2  
  73  37:03  Warp Prism  
  73  37:07  High Templar x3  
  73  37:08  High Templar  
  77  37:12  Archon x2  
  75  37:52  High Templar x3  
  81  38:20  Probe x3 (Chrono Boost)  
  82  38:29  High Templar x2  
  82  38:30  Probe x3 (Chrono Boost), High Templar  
  82  38:31  Warp Prism x3  
  82  38:32  Warp Prism  
  98  38:41  Probe (Chrono Boost)  
  91  38:50  Archon  
  91  38:51  Archon  
  91  38:55  Probe x3 (Chrono Boost)  
  94  39:02  Forge  
  94  39:05  Probe x3 (Chrono Boost)  
  94  39:07  Warp Prism x4  
  105  39:16  Probe x3 (Chrono Boost), High Templar x3  
  114  39:17  High Templar  
  116  39:26  Probe x3 (Chrono Boost)  
  119  39:37  Probe x3 (Chrono Boost)  
  122  39:43  Warp Prism x2  
  122  39:45  High Templar x2  
  130  39:47  Probe (Chrono Boost)  
  123  40:12  High Templar x2  
  127  40:16  Archon  
  123  40:49  High Templar  
  116  40:50  High Templar x3  
  118  41:02  High Templar  
  82  41:38  High Templar x3  
  44  42:21  High Templar x3  
  42  42:26  Archon  
  36  42:33  High Templar  
  32  42:45  Warp Prism  
  32  42:46  Warp Prism  
  26  43:00  High Templar  
  20  43:21  Warp Prism  
  20  43:22  Warp Prism  
  20  43:38  Warp Prism x2  
  23  43:55  Photon Cannon  
  23  43:56  Warp Prism  
  23  43:58  Warp Prism, Probe x2 (Chrono Boost)  
  29  44:09  Probe x2 (Chrono Boost)  
  31  44:14  Warp Prism x2  
  33  44:19  Probe x2 (Chrono Boost)  
  33  44:30  Probe x2 (Chrono Boost)  
  35  44:32  Warp Prism  
  35  44:33  Warp Prism  
  37  44:39  High Templar  
  37  44:40  Probe x2 (Chrono Boost)  
  41  44:49  Warp Prism  
  41  44:50  Warp Prism  
  44  45:02  Probe (Chrono Boost)  
  45  45:08  Warp Prism  
  45  45:09  Warp Prism, High Templar  
  45  45:12  Probe (Chrono Boost), High Templar  
  54  45:23  Probe (Chrono Boost)  
  54  45:25  Warp Prism x2  
  54  45:26  Archon  
  54  45:27  Probe (Chrono Boost)  
  60  45:33  Probe (Chrono Boost)  
  61  45:38  Probe (Chrono Boost)  
  62  45:43  Warp Prism  
  62  45:44  Probe (Chrono Boost)  
  62  45:45  Warp Prism  
  62  45:48  Probe (Chrono Boost)  
  68  45:54  Probe (Chrono Boost)  
  69  45:59  Probe (Chrono Boost)  
  69  46:01  Warp Prism x2  
  74  46:04  High Templar  
  74  46:05  Probe (Chrono Boost)  
  74  46:09  Probe (Chrono Boost)  
  78  46:15  Probe (Chrono Boost)  
  79  46:19  Warp Prism  
  79  46:20  Warp Prism, Probe (Chrono Boost)  
  84  46:26  Probe (Chrono Boost)  
  84  46:30  Probe (Chrono Boost)  
  86  46:35  Nexus  
  86  46:36  Warp Prism  
  86  46:37  Warp Prism, Probe (Chrono Boost), Pylon  
  91  46:41  Photon Cannon  
  91  46:50  Pylon  
  91  46:51  Pylon  
  91  46:54  Pylon  
  91  46:55  Warp Prism  
  91  46:56  Warp Prism, Pylon  
  90  47:11  High Templar x3  
  90  47:12  Warp Prism x2  
  46  47:28  Probe x2 (Chrono Boost)  
  52  47:38  Probe (Chrono Boost)  
  52  47:39  Probe (Chrono Boost)  
  52  47:43  High Templar  
  56  47:48  Warp Prism x2  
  56  47:49  Probe x2 (Chrono Boost)  
  62  47:54  Photon Cannon x2  
  61  48:00  Probe x2 (Chrono Boost)  
  61  48:05  High Templar  
  65  48:10  Probe x2 (Chrono Boost), Archon  
  67  48:20  Photon Cannon  
  67  48:24  Warp Prism x2  
  71  48:30  Pylon  
  60  48:56  High Templar x4  
  60  48:59  Warp Prism x2  
  60  49:01  Archon x2  
  72  49:11  Probe x2 (Chrono Boost)  
  74  49:20  High Templar x2  
  74  49:21  Probe (Chrono Boost)  
  74  49:22  Probe (Chrono Boost)  
  80  49:32  Probe x2 (Chrono Boost)  
  80  49:35  Warp Prism x2  
  85  49:42  Probe (Chrono Boost)  
  85  49:43  Probe (Chrono Boost)  
  87  49:47  Nexus  
  87  49:50  Pylon  
  87  49:52  Pylon  
  87  49:53  Probe x2 (Chrono Boost)  
  87  49:54  Pylon  
  87  49:58  Pylon  
  86  50:45  Photon Cannon  
  86  50:47  Photon Cannon  
  86  50:49  Photon Cannon  
  86  50:52  Photon Cannon  
  86  50:53  Photon Cannon  
  86  50:55  Photon Cannon  
  86  50:57  Photon Cannon  
  86  50:59  Photon Cannon  
  86  51:01  Photon Cannon  
  86  51:03  Photon Cannon x2  
  86  51:05  Photon Cannon  
  86  51:09  Photon Cannon  
  86  51:13  Assimilator  
  86  51:20  Photon Cannon  
  86  51:21  Photon Cannon  
  86  51:22  Photon Cannon, High Templar x5  
  86  51:23  High Templar x3  
  86  51:24  High Templar  
  86  51:25  Photon Cannon  
  104  51:30  Photon Cannon  
  104  51:34  Photon Cannon  
  104  51:36  Photon Cannon  
  104  51:40  Probe x2 (Chrono Boost)  
  104  51:43  Probe (Chrono Boost)  
  107  51:49  Photon Cannon  
  107  51:51  Probe x2 (Chrono Boost), High Templar x2  
  113  52:05  Twilight Council  
  111  52:54  Archon  
  111  52:56  High Templar x5  
  118  53:08  Archon x2  
  118  53:10  High Templar  
  104  53:23  Archon  
  78  53:42  High Templar x2  
  74  54:26  High Templar x2  
  60  54:40  Archon  
  41  55:45  Pylon  
  31  56:09  Forge  
  30  56:45  Photon Cannon  
  30  56:47  Pylon  
  30  56:56  Pylon  
  27  57:42  Photon Cannon  
  13  57:49  Photon Cannon  
  11  58:15  Pylon  
  10  59:07  Pylon  
Show
View Real Time Build Order
Export as new Build Order

Granas Protoss 

Build Orders: Cannon Rush 

Get SALT Encoding   

  12  0:01  Probe (Chrono Boost)  
  13  0:12  Probe (Chrono Boost)  
  14  0:23  Pylon  
  14  0:25  Probe (Chrono Boost)  
  15  0:42  Forge  
  15  0:45  Pylon  
  15  0:48  Probe (Chrono Boost)  
  16  0:59  Probe (Chrono Boost)  
  17  1:06  Pylon  
  17  1:09  Probe (Chrono Boost)  
  18  1:19  Photon Cannon  
  18  1:28  Photon Cannon  
  18  1:38  Photon Cannon  
  18  1:39  Probe (Chrono Boost)  
  19  1:49  Probe (Chrono Boost)  
  20  1:54  Pylon  
  20  2:00  Probe (Chrono Boost)  
  21  2:10  Probe (Chrono Boost)  
  21  2:13  Photon Cannon  
  22  2:21  Probe (Chrono Boost)  
  23  2:26  Photon Cannon  
  23  2:30  Photon Cannon  
  23  2:31  Probe (Chrono Boost)  
  24  2:42  Pylon, Probe (Chrono Boost)  
  25  2:53  Probe (Chrono Boost)  
  26  3:01  Nexus  
  26  3:03  Probe (Chrono Boost)  
  27  3:11  Photon Cannon  
  27  3:14  Probe (Chrono Boost)  
  28  3:22  Pylon  
  28  3:24  Probe (Chrono Boost)  
  29  3:34  Assimilator  
  29  3:35  Probe (Chrono Boost)  
  29  3:38  Gateway  
  30  3:45  Probe (Chrono Boost)  
  31  3:50  Photon Cannon  
  31  3:56  Pylon  
  31  3:58  Probe (Chrono Boost)  
  32  4:03  Assimilator  
  32  4:08  Probe (Chrono Boost)  
  33  4:14  Probe (Chrono Boost)  
  34  4:19  Probe (Chrono Boost)  
  35  4:24  Probe (Chrono Boost)  
  35  4:25  Photon Cannon  
  35  4:29  Probe (Chrono Boost)  
  37  4:32  Pylon  
  37  4:35  Probe (Chrono Boost)  
  37  4:37  Photon Cannon  
  38  4:40  Cybernetics Core, Probe (Chrono Boost)  
  40  4:45  Probe (Chrono Boost)  
  40  4:50  Probe (Chrono Boost)  
  41  4:56  Assimilator  
  41  5:00  Assimilator  
  41  5:04  Photon Cannon  
  39  5:07  Probe x2 (Chrono Boost)  
  40  5:18  Probe (Chrono Boost)  
  41  5:27  Probe (Chrono Boost)  
  41  5:28  Probe (Chrono Boost)  
  43  5:38  Probe (Chrono Boost)  
  43  5:39  Probe (Chrono Boost)  
  43  5:42  Photon Cannon  
  45  5:48  Photon Cannon  
  42  5:51  Probe (Chrono Boost)  
  42  5:52  Probe (Chrono Boost)  
  43  6:02  Probe (Chrono Boost)  
  44  6:14  Probe (Chrono Boost)  
  44  6:15  Probe (Chrono Boost)  
  44  6:17  Photon Cannon  
  46  6:20  Photon Cannon  
  46  6:25  Probe x2 (Chrono Boost)  
  48  6:28  Twilight Council  
  48  6:34  Warp Gate  
  48  6:36  Probe x2 (Chrono Boost)  
  50  6:40  Photon Cannon  
  50  6:42  Photon Cannon  
  50  6:46  Probe x2 (Chrono Boost)  
  52  6:49  Photon Cannon  
  52  6:57  Probe x2 (Chrono Boost)  
  54  7:05  Templar Archives  
  54  7:07  Probe (Chrono Boost)  
  54  7:08  Probe (Chrono Boost)  
  56  7:14  Photon Cannon  
  56  7:17  Pylon  
  56  7:18  Probe x2 (Chrono Boost)  
  56  7:19  Photon Cannon  
  58  7:25  Photon Cannon  
  58  7:28  Gateway, Probe (Chrono Boost)  
  58  7:29  Probe (Chrono Boost)  
  60  7:38  Nexus  
  60  7:39  Probe x2 (Chrono Boost)  
  60  7:40  Psionic Storm  
  62  7:45  Pylon  
  62  7:49  Photon Cannon  
  62  7:50  Probe (Chrono Boost)  
  64  7:51  Probe (Chrono Boost)  
  64  8:00  Photon Cannon  
  64  8:01  Photon Cannon  
  63  8:17  High Templar x2  
  67  8:27  Photon Cannon  
  67  8:29  Photon Cannon  
  67  8:30  Protoss Shields Level 1  
  67  8:31  Nexus  
  67  8:41  Gateway  
  67  8:43  Probe (Chrono Boost)  
  67  8:45  Gateway, Probe (Chrono Boost)  
  67  8:46  Gateway  
  67  8:48  Gateway, Assimilator  
  69  8:50  Photon Cannon  
  69  8:53  Pylon  
  69  8:54  Probe (Chrono Boost)  
  71  8:57  Probe (Chrono Boost)  
  71  9:04  Probe (Chrono Boost)  
  71  9:09  Photon Cannon, Probe (Chrono Boost)  
  73  9:15  Probe (Chrono Boost)  
  73  9:16  Photon Cannon  
  74  9:19  Photon Cannon  
  74  9:21  Probe (Chrono Boost)  
  75  9:24  Pylon  
  75  9:25  Probe (Chrono Boost)  
  75  9:26  High Templar x2  
  80  9:33  Probe (Chrono Boost)  
  80  9:36  Pylon  
  81  9:38  Pylon  
  81  9:41  High Templar  
  83  9:45  Archon  
  83  9:51  High Templar x2  
  83  9:52  High Templar  
  89  9:56  Photon Cannon  
  89  10:00  Photon Cannon  
  89  10:01  Photon Cannon  
  89  10:02  High Templar x2  
  89  10:05  Photon Cannon  
  93  10:07  Photon Cannon  
  93  10:08  Photon Cannon  
  93  10:22  High Templar  
  93  10:24  High Templar x3  
  93  10:25  Pylon  
  101  10:32  Pylon  
  101  10:35  Protoss Shields Level 2  
  94  10:45  Photon Cannon  
  94  10:47  Photon Cannon  
  94  10:48  Photon Cannon  
  94  10:49  Photon Cannon  
  94  10:51  Photon Cannon, High Templar x2  
  94  10:53  Photon Cannon  
  94  10:54  Photon Cannon  
  98  11:05  Photon Cannon  
  98  11:07  Photon Cannon  
  98  11:08  Photon Cannon  
  98  11:10  High Templar x4  
  98  11:11  Photon Cannon  
  106  11:12  Photon Cannon  
  106  11:13  Photon Cannon  
  106  11:15  Photon Cannon  
  106  11:23  Pylon  
  106  11:25  Assimilator  
  106  11:29  Nexus  
  105  11:39  High Templar x2  
  109  11:48  Photon Cannon  
  109  11:49  Photon Cannon  
  109  11:57  Robotics Facility  
  109  12:03  Robotics Facility  
  109  12:05  Pylon  
  109  12:12  Pylon, Photon Cannon  
  109  12:17  Photon Cannon x2  
  108  12:32  Pylon  
  108  12:41  Warp Prism  
  110  12:53  Warp Prism  
  110  12:57  Probe (Chrono Boost)  
  115  12:59  Probe x2 (Chrono Boost)  
  115  13:02  Protoss Shields Level 3  
  115  13:07  Probe (Chrono Boost)  
  115  13:10  Archon  
  115  13:11  Probe x2 (Chrono Boost)  
  115  13:12  Warp Prism  
  118  13:18  Probe (Chrono Boost)  
  121  13:24  Warp Prism  
  115  13:43  Warp Prism  
  117  13:55  Warp Prism  
  115  14:02  Probe (Chrono Boost)  
  120  14:04  Probe x2 (Chrono Boost)  
  120  14:12  Probe (Chrono Boost)  
  120  14:14  Warp Prism, Photon Cannon  
  120  14:15  Photon Cannon  
  120  14:16  Photon Cannon, Probe x2 (Chrono Boost)  
  122  14:18  Photon Cannon  
  122  14:19  Photon Cannon  
  122  14:21  Photon Cannon  
  122  14:23  Probe (Chrono Boost)  
  118  14:26  Warp Prism  
  118  14:28  Probe x2 (Chrono Boost)  
  120  14:33  Probe (Chrono Boost)  
  122  14:40  Probe x2 (Chrono Boost)  
  122  14:45  Warp Prism  
  123  14:57  Warp Prism  
  118  15:10  Robotics Bay  
  113  15:38  Protoss Ground Weapons Level 1, Archon x4  
  113  15:39  Archon  
  113  15:40  Archon  
  97  16:05  Colossus x2  
  67  16:18  Extended Thermal Lance  
  79  16:51  Colossus  
  79  16:54  Colossus  
  91  17:06  Robotics Facility  
  91  17:09  Robotics Facility  
  91  17:13  Robotics Facility  
  91  17:15  Robotics Facility  
  91  17:24  Protoss Ground Weapons Level 2  
  91  17:38  Colossus  
  91  17:48  Colossus  
  103  17:54  Colossus  
  103  17:55  Colossus  
  115  18:01  Colossus  
  115  18:02  Colossus  
  127  18:07  Photon Cannon  
  127  18:09  Photon Cannon  
  127  18:11  Photon Cannon  
  127  18:12  Photon Cannon  
  127  18:14  Photon Cannon  
  127  18:16  Photon Cannon x2  
  127  18:20  Pylon  
  127  18:21  Photon Cannon  
  127  18:27  Warp Prism, High Templar x3  
  135  18:38  Gravitic Drive  
  135  18:42  Colossus  
  135  18:48  Colossus, High Templar x2  
  145  18:49  Colossus  
  145  18:55  Colossus x2  
  169  19:08  High Templar x2  
  173  19:31  Pylon  
  173  19:34  Pylon  
  173  19:35  Pylon  
  173  19:38  Protoss Ground Weapons Level 3  
  173  19:44  Colossus  
  173  19:49  Warp Prism x4  
  173  19:51  Warp Prism  
  189  20:13  Protoss Air Armor Level 1  
  189  20:24  High Templar x4  
  197  20:45  Warp Prism  
  197  20:47  Warp Prism  
  197  20:48  Warp Prism  
  196  20:52  Warp Prism  
  197  21:33  Archon  
  197  21:34  Archon  
  197  21:58  Stargate  
  197  22:23  Warp Prism x4  
  197  22:28  Warp Prism x2  
  173  23:04  Warp Prism  
  165  23:18  Warp Prism  
  159  23:22  Warp Prism x2  
  159  23:23  Warp Prism x2  
  163  23:30  Archon x3  
  163  23:32  High Templar  
  159  23:36  Archon  
  159  23:38  High Templar  
  159  23:39  High Templar  
  159  23:53  Dark Shrine, Archon  
  131  24:25  Colossus  
  131  24:31  Colossus x4  
  161  24:39  Protoss Ground Armor Level 1  
  161  24:43  Colossus  
  167  25:11  Colossus  
  173  25:21  Fleet Beacon  
  173  25:25  Colossus x4  
  197  26:02  Nexus  
  197  26:06  Pylon  
  197  26:07  Pylon  
  197  26:11  Protoss Air Armor Level 2  
  195  26:44  Protoss Ground Armor Level 2  
  195  26:52  Assimilator  
  195  26:56  Pylon x2  
  195  27:01  Nexus  
  195  27:05  Colossus  
  189  27:50  Colossus x2  
  195  27:55  Colossus  
  195  28:34  Assimilator  
  195  28:38  Assimilator  
  195  28:51  Probe (Chrono Boost)  
  196  29:05  Assimilator  
  196  29:30  Protoss Air Armor Level 3  
  172  30:06  Dark Templar x6  
  170  30:12  Archon x2  
  170  30:13  Archon  
  134  30:28  Colossus  
  126  30:34  Colossus x3  
  126  30:35  Colossus x2  
  158  30:42  Dark Templar x2  
  158  30:43  Nexus, Dark Templar x4  
  170  30:50  Archon x2  
  170  30:51  Archon  
  156  31:05  Pylon  
  156  31:07  Pylon  
  156  31:10  Pylon  
  156  31:12  Pylon  
  156  31:15  Pylon  
  156  31:16  Pylon  
  156  31:17  Warp Prism  
  156  31:20  Pylon, Photon Cannon  
  156  31:25  Pylon  
  157  31:28  Warp Prism x2, Colossus x2  
  157  31:29  Warp Prism  
  157  31:32  Photon Cannon  
  175  31:33  Photon Cannon  
  175  31:44  Photon Cannon  
  175  31:53  Protoss Ground Armor Level 3  
  174  31:55  Probe (Chrono Boost)  
  174  31:56  Probe (Chrono Boost)  
  174  31:57  Probe x2 (Chrono Boost)  
  174  32:00  Photon Cannon x2  
  178  32:02  Photon Cannon x2  
  178  32:05  Photon Cannon  
  178  32:06  Pylon, Probe (Chrono Boost)  
  200  32:08  Probe (Chrono Boost)  
  200  32:09  Probe x2 (Chrono Boost)  
  192  32:41  Warp Prism x3  
  192  32:42  Warp Prism  
  192  32:43  High Templar x6  
  194  32:47  Archon x3  
  194  32:52  Warp Prism  
  194  32:57  Warp Prism, Photon Cannon  
  198  32:59  Pylon  
  198  33:05  Pylon  
  198  33:17  Warp Prism  
  200  33:21  Photon Cannon  
  200  33:22  Photon Cannon  
  200  33:24  Photon Cannon  
  200  33:27  Photon Cannon  
  200  33:29  Photon Cannon x2  
  200  33:35  Photon Cannon  
  200  33:38  Photon Cannon  
  200  33:44  Photon Cannon  
  200  33:58  Colossus  
  200  34:01  Warp Prism  
  186  34:06  Warp Prism x3  
  186  34:09  Colossus  
  186  34:30  Colossus  
  192  34:45  Dark Templar x6  
  182  35:00  Archon x3  
  182  35:21  Warp Prism x2  
  182  35:25  Warp Prism x3  
  182  35:26  Warp Prism  
  194  36:01  Warp Prism x2  
  180  36:30  Dark Templar  
  174  36:34  Dark Templar x5  
  174  36:39  Archon  
  120  36:59  Colossus  
  120  37:00  Colossus  
  102  37:04  Dark Templar x5  
  102  37:06  Colossus x3  
  102  37:07  Colossus  
  148  37:13  Probe (Chrono Boost)  
  148  37:15  Probe x3 (Chrono Boost)  
  152  37:27  Photon Cannon  
  152  37:33  Photon Cannon  
  152  37:35  Photon Cannon  
  152  37:37  Photon Cannon  
  152  37:40  Archon x2  
  152  37:46  Colossus  
  152  37:48  Disruptor  
  152  37:56  Dark Templar  
  152  37:58  Dark Templar x4  
  167  37:59  Colossus  
  167  38:00  Colossus x3  
  167  38:02  Archon x2  
  167  38:03  Archon  
  125  39:25  Dark Templar x3  
  125  39:26  Dark Templar x3  
  135  39:49  Archon x2  
  135  39:50  Archon  
  135  40:00  Dark Templar x5  
  135  40:01  Dark Templar  
  147  40:08  Colossus x2  
  147  40:11  Archon x2  
  147  40:12  Archon  
  147  40:14  Colossus x2  
  147  40:15  Colossus x2  
  183  40:54  Colossus x2  
  148  41:08  Colossus x3  
  148  41:31  Dark Templar  
  148  41:32  Dark Templar x3  
  148  41:33  Dark Templar  
  148  41:36  Dark Templar  
  154  41:40  Archon x2  
  154  41:41  Colossus x2  
  154  41:43  Colossus, Archon  
  172  42:01  Colossus  
  172  42:02  Colossus  
  172  42:06  Warp Prism  
  162  42:30  Warp Prism x2  
  162  42:37  Warp Prism  
  162  42:42  Warp Prism  
  166  42:55  Warp Prism  
  168  43:00  Warp Prism  
  168  43:01  Warp Prism  
  168  43:05  Warp Prism  
  168  43:13  Warp Prism  
  168  43:18  Warp Prism  
  172  43:29  Nexus  
  172  43:37  Nexus  
  172  43:39  Pylon  
  172  43:41  Pylon x2  
  172  43:43  Pylon  
  172  43:45  Assimilator  
  172  43:47  Pylon  
  172  43:48  Assimilator  
  172  43:49  Assimilator  
  172  43:51  Assimilator  
  107  44:20  Dark Templar x6  
  119  44:29  Archon x3  
  115  44:52  Photon Cannon x2  
  115  44:54  Photon Cannon  
  115  44:56  Photon Cannon  
  115  44:57  Photon Cannon  
  115  44:58  Dark Templar x6  
  125  45:03  Archon  
  125  45:04  Archon x2  
  109  45:34  Colossus x2  
  93  45:40  Colossus x2  
  93  45:41  Colossus x2  
  81  45:53  Dark Templar x6  
  93  45:57  Gateway  
  93  45:59  Gateway  
  93  46:00  Gateway  
  93  46:02  Gateway  
  93  46:12  Archon x2  
  93  46:13  Photon Cannon, Archon  
  93  46:23  Warp Prism x2  
  93  46:25  Probe (Chrono Boost)  
  94  46:27  High Templar x5  
  94  46:28  High Templar  
  110  46:34  Warp Prism x2, Colossus  
  110  46:35  Probe (Chrono Boost)  
  121  46:44  Warp Prism  
  121  46:46  Probe (Chrono Boost)  
  124  46:52  Photon Cannon  
  124  46:55  Colossus x2  
  124  46:56  Photon Cannon, Probe (Chrono Boost)  
  124  46:57  Photon Cannon  
  124  46:59  High Templar x3  
  131  47:01  Photon Cannon  
  131  47:02  Photon Cannon  
  131  47:07  Probe (Chrono Boost)  
  131  47:08  Photon Cannon  
  144  47:10  Colossus x2  
  156  47:19  Colossus  
  142  47:27  Colossus  
  142  47:29  Archon  
  124  47:30  Archon  
  98  47:48  Colossus  
  98  47:49  Colossus  
  110  47:59  Dark Templar x7  
  110  48:03  Colossus x2  
  136  48:08  High Templar x3  
  136  48:10  Archon  
  136  48:11  Colossus, Archon x2  
  142  48:15  Archon  
  148  48:21  Warp Prism  
  150  48:34  Dark Templar  
  150  48:35  Dark Templar x4  
  150  48:39  Dark Templar  
  150  48:40  Warp Prism x2  
  150  48:41  Archon x2  
  162  48:44  Archon  
  166  48:49  High Templar x3  
  166  48:52  Warp Prism x3  
  172  49:01  Warp Prism  
  180  49:16  Warp Prism x2  
  184  49:23  Warp Prism  
  186  49:36  Warp Prism  
  186  49:37  Warp Prism x2  
  192  49:50  High Templar  
  192  49:51  High Templar  
  192  49:52  Warp Prism  
  198  50:39  Warp Prism  
  198  50:48  Nexus  
  200  50:51  Assimilator  
  200  50:56  Assimilator  
  200  50:57  Pylon  
  200  51:02  Pylon  
  200  51:09  Nexus  
  200  51:12  Assimilator  
  200  51:16  Assimilator  
  200  51:19  Pylon  
  200  51:23  Pylon  
  200  51:25  Pylon  
  200  51:49  Photon Cannon  
  200  51:52  Photon Cannon  
  200  51:54  Photon Cannon  
  200  51:55  Photon Cannon  
  200  52:01  Photon Cannon  
  200  52:06  Photon Cannon  
  200  52:08  Photon Cannon  
  200  52:18  Photon Cannon  
  200  52:21  Photon Cannon x2  
  200  52:26  Photon Cannon  
  200  52:28  Photon Cannon  
  200  52:29  Photon Cannon  
  196  52:31  Photon Cannon  
  196  52:33  Photon Cannon  
  196  52:35  Photon Cannon  
  196  52:37  Photon Cannon  
  196  52:41  Photon Cannon  
  196  52:43  Photon Cannon  
  196  52:44  Photon Cannon x2  
  196  52:45  Photon Cannon  
  196  52:48  Photon Cannon  
  196  52:50  Photon Cannon x2  
  196  52:54  Colossus  
  196  52:55  Colossus, Photon Cannon  
  180  53:24  Warp Prism  
  182  53:38  Dark Templar x2  
  182  53:39  Dark Templar x7  
  182  53:40  Dark Templar  
  196  53:42  Archon  
  196  53:43  Archon x3  
  196  53:44  Archon  
  196  55:42  Colossus x2  
  196  56:08  Colossus  
  188  56:16  Colossus  
  190  57:08  Colossus  
  191  57:49  Dark Templar x4  
  191  57:50  Dark Templar x4  
  199  57:54  Archon x4  
  177  58:21  High Templar x3  
  177  58:22  High Templar x6  
  195  59:27  Dark Templar x2  
  199  59:33  Archon  
  149  60:01  Dark Templar x4  
  149  60:02  Dark Templar x6  
  149  60:06  Archon x4  
  149  60:07  Archon  
  169  60:12  Colossus  
  169  60:13  Colossus x2  
  169  60:20  Colossus x2  
  199  61:00  Nexus  
  199  61:07  Pylon  
  199  61:11  Pylon  
  199  61:14  Pylon  
  199  61:15  Nexus  
  199  61:17  Nexus  
  199  61:28  Pylon  
  199  61:31  Photon Cannon  
  199  61:33  Pylon  
  199  61:39  Pylon x2  
  199  61:41  Assimilator  
  199  61:43  Pylon  
  199  61:46  Pylon  
  199  61:47  Pylon  
  199  61:49  Pylon  
  199  61:50  Assimilator  
  198  62:13  Colossus x2  
  198  62:29  Robotics Facility x2  
  190  62:31  Robotics Facility  
  190  62:34  Gateway  
  190  62:35  Gateway  
  184  62:38  Gateway  
  184  62:40  Gateway  
  184  62:51  Photon Cannon  
  184  62:53  Photon Cannon  
  184  62:58  Photon Cannon  
  184  63:00  Photon Cannon x2  
  184  63:03  Photon Cannon, High Templar x7  
  184  63:04  Photon Cannon, High Templar  
  200  63:06  Photon Cannon  
  200  63:07  Photon Cannon  
  200  63:11  Photon Cannon x2  
  200  63:12  Photon Cannon  
  200  63:13  Photon Cannon x2  
  200  63:14  Photon Cannon  
  200  63:18  Photon Cannon  
  200  63:19  Photon Cannon  
  198  63:20  Photon Cannon  
  198  63:21  Archon x2  
  198  63:23  Photon Cannon  
  164  64:40  Colossus x2  
  164  64:41  Colossus x2  
  109  64:48  Colossus x2  
  121  64:54  Archon  
  89  65:06  Probe (Chrono Boost)  
  90  65:17  Probe (Chrono Boost)  
  90  65:25  High Templar x10  
  90  65:26  High Templar x4  
  90  65:27  Colossus x3  
  90  65:28  Colossus  
  118  65:29  Archon x2  
  118  65:30  Archon x5  
  142  65:41  Colossus x2  
  153  65:47  Probe (Chrono Boost)  
  154  65:50  Probe (Chrono Boost)  
  154  65:53  Probe (Chrono Boost)  
  156  65:57  High Templar x2  
  156  65:58  Probe (Chrono Boost), High Templar x10  
  156  66:01  Probe (Chrono Boost), High Templar  
  156  66:03  Archon x2  
  156  66:04  Probe (Chrono Boost), Archon x3  
  185  66:05  Archon  
  185  66:07  High Templar  
  185  66:08  Probe (Chrono Boost)  
  188  66:12  Probe (Chrono Boost)  
  188  66:14  Probe (Chrono Boost)  
  190  66:19  Probe (Chrono Boost)  
  190  66:20  Assimilator  
  190  66:22  Probe (Chrono Boost)  
  190  66:25  Probe (Chrono Boost)  
  193  66:29  Probe (Chrono Boost)  
  193  66:32  High Templar x3  
  192  68:09  Colossus x3, Archon x2  
  172  68:22  Dark Templar x6  
  172  68:23  Dark Templar x8  
  172  68:26  Archon  
  182  68:27  Archon x5  
  182  68:28  Archon  
  182  68:30  Colossus  
  160  68:37  Colossus x2  
  112  68:57  High Templar x10  
  112  68:58  High Templar x4  
  140  69:14  Pylon  
  140  69:19  Pylon  
  140  69:20  Pylon  
  140  69:34  High Templar x8  
  140  69:35  High Templar x6  
  140  69:38  Archon x5  
  168  69:39  Archon  
  168  69:40  Archon  
  168  69:59  Warp Prism x3  
  174  70:15  Warp Prism x2  
  178  70:23  Warp Prism  
  180  70:37  Photon Cannon  
  180  70:40  Photon Cannon  
  180  70:44  Photon Cannon  
  180  70:49  Photon Cannon  
  180  70:57  Warp Prism  
  180  70:59  Warp Prism  
  184  71:07  Warp Prism  
  186  71:29  Warp Prism  
  186  71:34  Warp Prism x2  
  186  71:35  Warp Prism  
  194  71:50  Warp Prism  
  194  71:55  Warp Prism  
  194  71:58  Warp Prism  
  200  72:10  Photon Cannon  
  200  72:15  Photon Cannon  
  194  74:26  Colossus  
  154  75:21  Colossus x3  
  136  75:22  Colossus  
  142  75:28  Colossus x4  
  182  75:40  Colossus  
  186  76:07  Colossus x2  
  186  76:08  Colossus  
  198  77:03  Warp Prism x3  
  198  77:04  Warp Prism  
  198  77:08  Warp Prism x4  
  168  77:09  Warp Prism  
  168  77:12  High Templar x9  
  168  77:13  High Templar x5  
  188  77:28  Archon x4  
  188  77:34  Warp Prism x2  
  188  77:41  Warp Prism  
  192  77:46  Warp Prism x3  
  200  78:42  Photon Cannon  
  200  78:43  Photon Cannon  
  200  78:46  Photon Cannon  
  200  78:49  Pylon  
  200  78:50  Pylon  
  200  78:56  Photon Cannon  
  200  79:01  Photon Cannon  
  200  79:02  Photon Cannon  
  200  79:10  Photon Cannon  
  200  79:15  Colossus  
  128  79:56  High Templar x11  
  128  79:57  High Templar x3  
  144  80:02  Archon x6  
  144  80:03  Archon  
  144  80:06  Colossus x3  
  144  80:08  Colossus x2  
  144  80:09  Colossus x2  
  144  80:10  Colossus  
  144  80:13  Colossus  
  198  81:27  Warp Prism  
  200  81:57  Nexus  
  200  82:15  Nexus  
  200  82:19  Assimilator  
  200  82:20  Pylon  
  200  82:23  Assimilator  
  200  82:24  Pylon  
  200  82:25  Pylon  
  200  82:29  Pylon  
  200  82:32  Pylon  
  200  83:00  Photon Cannon  
  200  83:02  Photon Cannon  
  200  83:04  Photon Cannon  
  200  83:05  Photon Cannon  
  200  83:07  Photon Cannon  
  200  83:08  Photon Cannon  
  200  83:11  Photon Cannon  
  200  83:12  Photon Cannon  
  200  83:13  Photon Cannon  
  200  83:16  Photon Cannon x2  
  200  83:19  Photon Cannon  
  200  83:22  Photon Cannon  
  200  83:23  Photon Cannon  
  200  83:27  Photon Cannon  
  200  83:30  Photon Cannon x3  
  200  83:31  Photon Cannon  
  200  83:35  Photon Cannon  
  200  83:38  Photon Cannon  
  200  83:39  Photon Cannon  
  200  83:46  Photon Cannon  
  184  83:50  Photon Cannon  
  172  84:16  Dark Templar x5  
  172  84:17  Dark Templar x6  
  178  84:18  Dark Templar x3  
  178  84:20  Archon  
  178  84:21  Archon x4  
  178  84:22  Archon  
  178  84:23  Archon  
  190  84:31  Colossus  
  196  84:59  High Templar x2  
  200  85:46  Photon Cannon  
  200  85:48  Photon Cannon  
  200  85:50  Photon Cannon  
  200  85:51  Photon Cannon  
  138  86:37  Warp Prism x3  
  138  86:38  Warp Prism  
  136  86:42  Warp Prism  
  144  86:49  Colossus x2  
  144  86:50  Colossus  
  140  86:56  Colossus  
  164  87:06  Colossus x3  
  164  87:08  High Templar x6  
  152  87:09  Colossus, High Templar x8  
  158  87:54  Warp Prism x2  
  158  87:55  Warp Prism  
  158  87:58  Warp Prism  
  158  87:59  Warp Prism  
  140  88:29  Colossus x3  
  140  88:30  Colossus x3  
  122  88:34  Colossus, Archon x2  
  122  88:36  Colossus  
  122  88:37  Colossus  
  168  88:59  High Templar x2  
  168  89:00  High Templar x11  
  194  89:06  Archon x6  
  194  89:16  Colossus  
  200  90:11  Pylon  
  200  90:12  Pylon  
  200  90:16  Pylon  
  200  90:17  Pylon  
  200  90:48  Photon Cannon  
  200  90:49  Photon Cannon x2  
  194  90:51  Photon Cannon  
  194  90:52  Photon Cannon  
  194  90:53  Photon Cannon  
  156  91:12  Dark Templar x7, Photon Cannon  
  156  91:13  Dark Templar x7  
  156  91:15  Photon Cannon  
  156  91:16  Archon  
  156  91:17  Archon x5  
  156  91:18  Archon  
  68  91:38  Colossus x3  
  68  91:39  Colossus x2  
  68  91:40  Colossus x2, Probe (Chrono Boost)  
  68  91:45  Colossus  
  68  91:46  Colossus  
  105  91:50  High Templar x7  
  105  91:51  Probe (Chrono Boost), High Templar x5  
  105  91:52  High Templar x2  
  152  91:56  Archon x4  
  152  91:57  Archon x2  
  152  91:59  Archon  
  152  92:01  Probe (Chrono Boost)  
  153  92:12  Probe (Chrono Boost)  
  154  92:21  Nexus  
  155  92:22  Probe (Chrono Boost)  
  155  92:24  Assimilator  
  155  92:25  Colossus x4  
  155  92:26  Colossus x3  
  155  92:27  Assimilator  
  155  92:29  Photon Cannon  
  155  92:31  Photon Cannon  
  155  92:33  Photon Cannon  
  197  92:37  Photon Cannon  
  197  92:55  High Templar  
  189  94:13  Dark Templar x2  
  189  94:14  Dark Templar x3  
  199  94:19  Warp Prism  
  199  94:20  Archon x2  
  199  94:23  Warp Prism  
  199  94:34  Warp Prism  
  199  95:28  Nexus  
  199  95:33  Nexus  
  199  95:37  Assimilator  
  199  95:41  Assimilator  
  191  95:48  Assimilator  
  155  95:53  Assimilator  
  155  95:56  Pylon  
  149  95:58  Pylon, High Templar x5  
  149  95:59  High Templar x6  
  149  96:00  Pylon  
  161  96:05  Pylon  
  161  96:06  Pylon, Archon  
  161  96:07  Archon x3  
  161  96:09  Pylon  
  161  96:10  Dark Templar x3  
  155  96:12  Pylon  
  155  96:14  Archon  
  135  96:21  Archon  
  125  96:34  Warp Prism x5  
  125  96:35  Warp Prism x2  
  125  96:38  Warp Prism  
  125  96:39  Warp Prism  
  139  96:43  High Templar  
  139  96:44  High Templar x4  
  150  96:49  High Templar x5  
  150  96:50  High Templar  
  150  96:52  High Templar x3  
  168  96:55  Archon  
  168  96:59  Archon  
  168  97:00  Archon x4  
  168  97:01  Archon  
  168  97:14  Warp Prism x2  
  168  97:15  Warp Prism x5  
  168  97:19  Warp Prism  
  168  97:20  Warp Prism  
  186  97:37  High Templar x2  
  186  97:38  High Templar x5  
  172  98:10  High Templar x3  
  172  98:11  High Templar x9  
  172  98:12  High Templar x2  
  188  98:14  Archon  
  188  98:15  Archon x5  
  188  98:16  Archon  
  188  98:17  Colossus x2  
  188  98:18  Colossus x2  
  170  98:24  Colossus  
  166  98:51  Colossus x3  
  166  98:58  Colossus  
  190  99:04  Colossus  
  196  99:20  Disruptor  
  199  101:51  Nexus  
  199  101:53  Assimilator x2  
  199  101:57  Pylon x2  
  198  102:55  Warp Prism  
  192  103:45  Photon Cannon  
  192  103:46  Photon Cannon  
  192  103:48  Photon Cannon  
  192  103:51  Colossus  
  192  103:52  Photon Cannon  
  192  103:54  Photon Cannon  
  198  103:56  Photon Cannon  
  197  104:16  Photon Cannon  
  197  104:18  Photon Cannon  
  197  104:19  Photon Cannon  
  197  104:20  Photon Cannon  
  197  104:22  Photon Cannon  
  197  104:25  Photon Cannon  
  197  104:28  Photon Cannon  
  197  104:31  Photon Cannon  
  197  104:35  Photon Cannon  
  197  104:38  Photon Cannon  
  197  104:40  Photon Cannon  
  197  104:46  Probe (Chrono Boost)  
  198  104:57  Probe (Chrono Boost)  
  199  105:07  Probe (Chrono Boost)  
  199  105:12  Pylon, Nexus  
  200  105:15  Pylon  
  200  105:20  Pylon  
  200  105:24  Pylon  
  200  105:28  Pylon  
  200  105:29  Nexus  
  200  105:58  Photon Cannon  
  200  106:00  Photon Cannon  
  200  106:01  Photon Cannon  
  200  106:03  Photon Cannon  
  200  106:04  Photon Cannon x2  
  200  106:07  Photon Cannon x2  
  200  106:13  Photon Cannon  
  200  106:16  Photon Cannon  
  200  106:17  Photon Cannon  
  200  106:19  Photon Cannon  
  200  106:21  Photon Cannon  
  200  106:24  Photon Cannon  
  200  106:27  Pylon  
  192  106:41  Photon Cannon  
  192  106:43  Photon Cannon  
  192  106:45  Photon Cannon  
  185  106:52  High Templar x7  
  178  107:55  High Templar x8  
  178  107:56  High Templar x2  
  195  108:03  Archon  
  195  108:04  Archon x4  
  195  108:05  Colossus  
  198  108:16  Colossus x4  
  198  108:17  Colossus x2  
  168  108:20  Archon x2  
  138  108:45  High Templar x10  
  138  108:46  High Templar x4  
  160  108:54  Nexus  
  160  108:56  Photon Cannon  
  160  108:57  Photon Cannon, Archon x3  
  160  108:58  Colossus, Archon x4  
  160  108:59  Gateway, Photon Cannon  
  166  109:03  Colossus  
  166  109:05  Warp Prism x2  
  166  109:06  Warp Prism x2  
  172  109:19  Forge  
  172  109:24  High Templar x6  
  172  109:25  High Templar x8  
  181  109:37  Archon x3  
  181  109:38  Archon x3  
  181  109:47  Nexus  
  181  109:49  Pylon  
  181  109:50  Pylon  
  181  110:05  Probe (Chrono Boost)  
  181  110:06  Probe (Chrono Boost)  
  183  110:12  Colossus  
  183  110:13  Colossus x4  
  157  110:15  Probe (Chrono Boost)  
  157  110:16  Probe (Chrono Boost)  
  157  110:19  Colossus  
  164  110:26  Probe (Chrono Boost)  
  164  110:27  Probe (Chrono Boost)  
  140  110:36  Probe (Chrono Boost)  
  140  110:38  Probe (Chrono Boost)  
  142  110:45  Templar Archives  
  142  110:47  Probe (Chrono Boost)  
  142  110:48  Dark Shrine, Probe (Chrono Boost)  
  126  110:50  Dark Templar x10  
  126  110:51  Dark Templar  
  125  110:58  Archon  
  125  110:59  Colossus, Archon x4  
  125  111:25  High Templar x9  
  125  111:26  High Templar x2  
  125  111:31  Archon  
  125  111:32  Archon x4  
  129  111:33  Archon  
  129  111:52  Robotics Bay  
  129  112:01  Observer  
  129  112:03  Observer  
  129  112:06  High Templar x2  
  135  112:10  Archon  
  134  112:26  Probe (Chrono Boost)  
  134  112:28  Probe (Chrono Boost)  
  132  112:38  Colossus x5, Probe x2 (Chrono Boost)  
  127  112:45  Colossus  
  127  112:49  Probe (Chrono Boost)  
  127  112:50  Probe (Chrono Boost)  
  165  112:53  Probe (Chrono Boost)  
  166  112:59  Probe (Chrono Boost)  
  166  113:00  Assimilator  
  166  113:02  Probe (Chrono Boost)  
  161  113:05  Probe (Chrono Boost)  
  161  113:10  Probe (Chrono Boost)  
  162  113:14  Probe (Chrono Boost)  
  162  113:18  Probe (Chrono Boost)  
  164  113:25  Colossus x3  
  164  113:26  Probe (Chrono Boost)  
  165  113:29  High Templar x2  
  165  113:30  Probe (Chrono Boost)  
  188  113:38  Colossus  
  188  113:39  Probe (Chrono Boost)  
  188  113:40  High Templar x2  
  196  113:42  Probe (Chrono Boost)  
  196  113:57  Nexus  
  196  113:58  Archon  
  196  114:02  Forge  
  192  114:10  High Templar x4  
  188  114:23  Archon x2  
  154  114:24  High Templar x4  
  154  114:25  High Templar x3  
  154  114:37  Archon x3  
  124  114:55  High Templar  
  124  114:56  High Templar x5  
  124  114:57  High Templar x4  
  144  115:09  Archon x4  
  144  115:10  Archon  
  144  115:20  Colossus x2  
  144  115:26  Colossus  
  161  115:37  Colossus x3  
  178  115:50  High Templar x10  
  178  115:51  High Templar  
  178  115:55  Archon  
  178  115:56  Archon x4  
  200  116:33  Nexus  
  194  116:43  Nexus  
  194  116:50  Photon Cannon  
  194  116:54  Photon Cannon  
  194  116:58  High Templar x5  
  200  117:04  Nexus  
  200  117:08  Assimilator  
  200  117:11  Assimilator  
  116  118:04  High Templar  
  116  118:05  High Templar x10  
  138  118:16  Colossus x5  
  130  118:22  Colossus  
  144  118:40  Archon x3  
  124  118:52  Probe (Chrono Boost)  
  121  119:02  Colossus, Probe (Chrono Boost)  
  122  119:04  High Templar x9  
  122  119:05  Warp Prism x4, High Templar x2  
  144  119:10  Archon x2  
  144  119:11  Archon  
  144  119:12  Archon  
  144  119:13  Probe (Chrono Boost)  
  159  119:24  Probe (Chrono Boost)  
  160  119:34  Probe (Chrono Boost)  
  160  119:37  Warp Prism x4  
  161  119:41  Warp Prism  
  164  119:58  Warp Prism  
  160  120:08  Warp Prism, Archon  
  124  120:31  High Templar x5  
  124  120:32  High Templar x6  
  134  120:47  Archon x3  
  134  120:48  Archon x2  
  101  121:35  High Templar x2  
  101  121:36  High Templar x7  
  101  121:37  High Templar x2  
  123  121:52  Archon x4  
  123  121:53  Archon  
  119  122:19  Probe (Chrono Boost)  
  119  122:22  Probe (Chrono Boost)  
  121  122:29  Probe (Chrono Boost)  
  122  122:34  Probe (Chrono Boost)  
  123  122:40  Probe (Chrono Boost)  
  120  122:46  Probe (Chrono Boost)  
  120  122:50  Probe (Chrono Boost)  
  118  122:57  High Templar x7  
  118  122:58  Probe (Chrono Boost), High Templar x3  
  139  123:01  Probe (Chrono Boost)  
  140  123:09  Colossus x2  
  140  123:10  Probe (Chrono Boost)  
  141  123:13  Archon x3  
  141  123:14  Archon x2  
  141  123:15  Colossus  
  159  123:23  Colossus x3  
  177  123:55  Colossus x2  
  177  124:09  Colossus  
  193  125:16  Colossus  
  197  126:21  Warp Prism x2  
  185  126:25  Warp Prism  
  185  126:31  Colossus  
  197  126:53  Colossus x3  
  197  127:12  Colossus  
  189  127:19  Colossus  
  181  127:24  High Templar x8  
  181  127:25  High Templar x3  
  189  127:30  Archon x4  
  189  127:31  Archon  
  189  128:02  High Templar x2  
  189  128:03  High Templar x6  
  189  128:04  High Templar x2  
  181  128:15  Colossus  
  181  128:16  Colossus x2  
  95  128:34  Dark Templar  
  95  128:35  Dark Templar x5  
  95  128:36  Dark Templar x4  
  114  128:43  Probe (Chrono Boost)  
  113  128:48  Probe (Chrono Boost)  
  113  128:49  Probe (Chrono Boost)  
  113  128:51  Probe (Chrono Boost), Archon x3  
  113  128:52  Archon x2  
  113  128:54  Probe (Chrono Boost)  
  115  129:00  Probe (Chrono Boost)  
  115  129:02  Probe (Chrono Boost)  
  118  129:03  Probe (Chrono Boost)  
  118  129:04  Warp Prism  
  118  129:05  Warp Prism, Probe (Chrono Boost)  
  118  129:07  Forge  
  118  129:08  Observer, Gateway  
  127  129:12  Probe (Chrono Boost)  
  127  129:14  Cybernetics Core, Probe (Chrono Boost)  
  127  129:15  Probe x2 (Chrono Boost)  
  128  129:17  High Templar x2  
  128  129:18  High Templar x5  
  128  129:24  Warp Prism  
  143  129:25  Probe (Chrono Boost)  
  143  129:26  Probe x2 (Chrono Boost)  
  143  129:28  Probe (Chrono Boost)  
  144  129:35  Warp Prism  
  144  129:36  Warp Prism  
  144  129:37  Probe (Chrono Boost)  
  144  129:38  Probe (Chrono Boost)  
  146  129:40  Probe (Chrono Boost)  
  149  129:55  Warp Prism  
  149  130:06  Warp Prism  
  151  130:07  Warp Prism  
  151  130:14  Probe (Chrono Boost)  
  156  130:24  Probe (Chrono Boost)  
  156  130:26  Warp Prism  
  157  130:32  High Templar x6  
  157  130:33  High Templar x2  
  157  130:34  Nexus  
  157  130:35  Probe (Chrono Boost)  
  176  130:37  Assimilator  
  176  130:38  Warp Prism x2  
  176  130:45  Probe (Chrono Boost)  
  181  130:56  Probe (Chrono Boost)  
  132  131:17  Warp Prism x3  
  130  131:37  Probe (Chrono Boost)  
  130  131:38  Probe (Chrono Boost)  
  132  131:47  Probe (Chrono Boost)  
  132  131:48  Warp Prism  
  132  131:49  Probe (Chrono Boost)  
  136  131:57  Probe (Chrono Boost)  
  136  131:58  Probe (Chrono Boost)  
  136  131:59  Probe (Chrono Boost)  
  139  132:07  Probe (Chrono Boost)  
  141  132:08  Probe (Chrono Boost)  
  141  132:10  Probe (Chrono Boost)  
  141  132:18  Probe (Chrono Boost)  
  141  132:19  Probe (Chrono Boost)  
  141  132:20  Probe (Chrono Boost)  
  136  132:28  Probe (Chrono Boost)  
  135  132:39  Probe (Chrono Boost)  
  135  132:40  Colossus  
  132  133:01  Colossus  
  122  133:08  Colossus  
  134  133:26  Colossus  
  134  133:27  Archon  
  134  133:29  Archon  
  134  133:31  Archon  
  141  133:41  Probe (Chrono Boost)  
  141  133:43  Probe x3 (Chrono Boost)  
  141  133:47  Colossus  
  145  133:49  Nexus  
  145  133:52  Probe (Chrono Boost)  
  145  133:53  Nexus  
  145  133:55  Probe x3 (Chrono Boost)  
  152  133:56  Pylon, Nexus  
  152  133:58  Assimilator  
  152  134:00  Assimilator  
  153  134:02  Probe (Chrono Boost)  
  153  134:07  Probe x3 (Chrono Boost)  
  156  134:13  Probe (Chrono Boost)  
  157  134:19  Probe x3 (Chrono Boost)  
  157  134:23  Probe (Chrono Boost)  
  136  134:31  Probe x3 (Chrono Boost)  
  116  134:47  Dark Templar x9  
  116  134:50  Probe (Chrono Boost)  
  116  134:51  Probe x3 (Chrono Boost)  
  136  134:57  Archon x3  
  136  134:58  Archon  
  136  135:00  Probe (Chrono Boost)  
  136  135:03  Probe x3 (Chrono Boost)  
  136  135:05  Assimilator  
  146  135:11  Probe (Chrono Boost)  
  140  135:15  Probe x3 (Chrono Boost)  
  140  135:17  Probe (Chrono Boost)  
  142  135:21  Dark Templar x4, Probe (Chrono Boost)  
  142  135:22  Dark Templar x5  
  142  135:24  Warp Prism x3  
  142  135:26  Archon x4  
  142  135:27  Probe x2 (Chrono Boost)  
  142  135:28  Probe x2 (Chrono Boost)  
  164  135:32  Probe (Chrono Boost)  
  160  135:36  Assimilator  
  160  135:38  Probe (Chrono Boost)  
  160  135:39  Probe (Chrono Boost)  
  160  135:40  Probe x2 (Chrono Boost)  
  160  135:42  Probe (Chrono Boost)  
  162  135:49  Probe (Chrono Boost)  
  161  135:50  Assimilator  
  161  135:53  Probe (Chrono Boost)  
  161  135:55  Warp Prism x2  
  161  135:56  Assimilator  
  159  135:59  Probe (Chrono Boost)  
  159  136:00  Warp Prism  
  159  136:01  Dark Shrine  
  159  136:03  Probe (Chrono Boost)  
  159  136:07  Templar Archives  
  159  136:10  Probe (Chrono Boost)  
  160  136:14  Probe (Chrono Boost), Archon  
  161  136:20  Probe (Chrono Boost)  
  161  136:24  Probe (Chrono Boost)  
  163  136:26  Warp Prism x2  
  163  136:33  Dark Templar x6  
  163  136:34  Dark Templar x3  
  163  136:35  Warp Prism  
  161  136:43  Archon  
  88  137:53  Dark Templar x7  
  88  137:58  Archon x3  
Show
View Real Time Build Order
Export as new Build Order

Computer 8 Zerg 

Build Orders: Pool First 

Get SALT Encoding   

  12  0:01  Drone  
  13  0:12  Overlord  
  13  0:17  Drone  
  14  0:30  Drone x2  
  16  0:43  Spawning Pool  
  16  0:46  Drone  
  16  0:50  Drone  
  17  1:19  Extractor  
  16  1:31  Drone, Zergling x2  
  18  1:33  Zergling x2, Queen  
  21  1:41  Drone  
  22  1:49  Extractor  
  22  1:52  Drone  
  22  2:03  Overlord  
  22  2:21  Drone, Queen  
  25  2:24  Drone  
  25  2:25  Roach Warren  
  25  2:35  Drone  
  26  2:40  Drone x3  
  29  2:47  Drone  
  30  2:57  Overlord  
  30  3:15  Drone x3, Zergling x2  
  34  3:22  Lair  
  34  3:24  Roach  
  36  3:34  Overlord  
  36  3:40  Overlord, Roach  
  38  3:53  Roach x2  
  42  3:57  Zergling x2  
  43  4:09  Drone, Zergling x4  
  46  4:19  Drone  
  46  4:23  Infestation Pit  
  46  4:30  Drone  
  47  4:37  Drone x2, Overlord  
  49  4:41  Overlord  
  48  4:52  Overlord  
  48  5:02  Ravager  
  48  5:03  Evolution Chamber, Roach  
  48  5:06  Hydralisk Den, Drone, Roach x2  
  54  5:15  Roach  
  54  5:19  Ravager  
  57  5:26  Roach  
  59  5:30  Zerg Ground Armor Level 1  
  59  5:35  Hydralisk, Roach  
  63  5:36  Lurker Den  
  63  5:41  Hydralisk  
  65  5:51  Hydralisk  
  67  6:00  Hydralisk, Overlord  
  69  6:10  Hydralisk  
  71  6:18  Hydralisk  
  71  6:24  Evolution Chamber, Roach  
  74  6:29  Overlord, Roach  
  76  6:33  Roach  
  76  6:38  Roach  
  80  6:43  Roach  
  82  6:48  Roach  
  82  6:53  Overlord  
  84  7:00  Roach  
  84  7:01  Zerg Missile Weapons Level 1, Roach x2  
  90  7:19  Overseer  
  90  7:29  Overlord  
  90  7:48  Spire  
  89  8:03  Spine Crawler  
  89  8:04  Drone  
  89  8:19  Roach x2  
  93  8:20  Roach  
  94  8:43  Spine Crawler  
  94  8:44  Drone  
  94  8:48  Overlord, Hive  
  94  9:02  Corruptor  
  96  9:22  Spine Crawler, Drone  
  85  9:53  Hydralisk  
  85  9:59  Queen  
  80  10:02  Hydralisk, Greater Spire  
  76  10:07  Zergling x2  
  76  10:12  Hydralisk, Zergling x2  
  76  10:13  Hydralisk  
  87  10:14  Roach x3  
  87  10:15  Zergling x2  
  87  10:16  Hydralisk  
  87  10:25  Hydralisk  
  79  10:31  Roach  
  79  10:35  Roach  
  75  10:39  Roach  
  77  10:43  Zergling x2  
  77  10:48  Roach  
  77  10:49  Zergling x2  
  79  10:50  Roach  
  73  10:57  Zergling x2  
  73  10:59  Hydralisk  
  73  11:10  Hydralisk  
  72  11:18  Zergling x6  
  73  11:22  Zergling x2  
  70  11:33  Zergling x2  
  69  11:43  Hydralisk  
  69  11:46  Zergling x4  
  69  11:47  Zergling x2  
  51  11:55  Zergling x2  
  52  12:06  Roach  
  48  12:15  Zergling x6  
  48  12:17  Zergling x2  
  48  12:19  Overseer  
  45  12:28  Zergling x2  
  46  12:39  Roach  
  46  12:43  Hydralisk  
  46  12:44  Roach x2  
  53  12:50  Zergling x2  
  48  13:01  Zergling x2  
  48  13:09  Spore Crawler  
  48  13:11  Hydralisk  
  48  13:12  Drone, Roach  
  47  13:14  Evolution Chamber  
  43  13:23  Zergling x2  
  44  13:34  Zergling x2  
  44  13:41  Drone, Zergling x4  
  47  13:42  Spore Crawler  
  47  13:45  Roach  
  40  13:51  Queen  
  40  13:55  Infestor  
  35  14:07  Zergling x2  
  35  14:09  Hydralisk, Zergling x2  
  40  14:10  Drone  
  40  14:12  Spore Crawler  
  37  14:18  Roach  
  37  14:29  Zergling x2  
  38  14:38  Zergling x6  
  41  14:40  Zergling x2  
  42  14:51  Zergling x2  
  43  15:02  Zergling x2  
  43  15:06  Hydralisk, Infestor  
  48  15:07  Roach  
  48  15:11  Spore Crawler  
  48  15:12  Corruptor  
  39  15:15  Overseer  
  39  15:24  Zergling x2  
  40  15:34  Hatchery  
  40  15:35  Hydralisk, Roach x2  
  42  15:46  Drone  
  43  15:56  Corruptor  
  45  16:03  Corruptor  
  45  16:04  Drone, Zergling x2  
  47  16:08  Roach  
  51  16:19  Zergling x2  
  52  16:30  Roach  
  52  16:32  Corruptor, Zergling x2  
  55  16:33  Drone  
  55  16:36  Brood Lord  
  60  16:41  Roach  
  60  16:46  Roach  
  64  16:52  Roach  
  66  16:56  Infestor  
  51  17:01  Drone, Zergling x2  
  51  17:02  Roach  
  51  17:03  Zergling x2  
  51  17:07  Roach  
  45  17:13  Hydralisk, Queen  
  45  17:18  Roach  
  42  17:25  Zergling x2  
  42  17:28  Zergling x2, Queen  
  42  17:30  Roach, Zergling x4  
  42  17:36  Zergling x2  
  44  17:39  Roach  
  42  17:50  Roach  
  33  18:01  Roach  
  29  18:07  Queen  
  29  18:12  Zergling x2  
  12  18:44  Queen  
  10  20:31  Hatchery  
  9  20:46  Hatchery  
  8  20:58  Hatchery  
Tags
 
Add a new tag
Caveats
  • Supply blocks, unpowered buildings, or Contaminate may cause inaccurate times.
  • Supply counts are checked every 10 seconds.